Workbook
Name _xlfn_IFERROR: #REF!

Sheet 會計報告封面
B1: 115年度臺中市地方產業創新研發推動計畫 (臺中市地方型SBIR )
B2: □ 115年度期中會計報告 □ 115年度結案會計報告
C4: 領域別： | D4: □創新服務 □金屬機械 □民生化工 □生技醫療 □光電資通
B6: <計畫名稱>
B7: 資料期間：民國115年9月1日 至116年5月31日
B9: 計畫主辦單位：臺中市政府經濟發展局
B10: 計畫執行單位：OOOOOOO有限公司
B15: 本公司具結本執行工作報告所填報資料皆屬實，如有不實或虛報，願負一切法律責任
B17: 計畫主持人: | F17: 主辦會計: | I17: 填表人：
I19: （蓋章或簽名並註明日期）

Sheet 計畫經費彙總表
A3: 計畫經費彙總表
A5: 資料期間：自115年09月01日至115年09月30日
A6: 公司名稱： | G6: 計畫名稱： | O6: 金額單位：元
B7: 全程預算數 | E7: 上期累計實支數 | H7: 本期實支數 | K7: 累計實支數 | N7: 結案時填列
A8: 預算科目 | B8: 補助款 | C8: 自籌款 | D8: 小計 | E8: 補助款 | F8: 自籌款 | G8: 小計 | H8: 補助款 | I8: 自籌款 | J8: 小計 | K8: 補助款 | L8: 自籌款 | M8: 小計 | N8: 計畫動支率 | O8: 結餘(繳款)數 (B)
A9: 1.研究發展人員人事費 | D9: =SUM(B9:C9) -> 0 | E9: 0 | F9: 0 | G9: =SUM(E9:F9) -> 0 | H9: =IFERROR(IF(M9>=D9,B9-E9,ROUND(J9*(B9/D9),0)),0) -> 0 | I9: =J9-H9 -> 0 | J9: =研發人員薪資表!M12+顧問費!B8 -> 0 | K9: =E9+H9 -> 0 | L9: =F9+I9 -> 0 | M9: =G9+J9 -> 0 | N9: =IF(B9=0,0,K9/B9) -> 0 | O9: =B9-K9 -> 0
A10: 2.消耗性器材及原材料費 | D10: =SUM(B10:C10) -> 0 | E10: 0 | F10: 0 | G10: =SUM(E10:F10) -> 0 | H10: =IFERROR(IF(M10>=D10,B10-E10,ROUND(J10*(B10/D10),0)),0) -> 0 | I10: =J10-H10 -> 0 | J10: =消耗性器材及原材料費!K10 -> 0 | K10: =E10+H10 -> 0 | L10: =F10+I10 -> 0 | M10: =G10+J10 -> 0 | N10: =IF(B10=0,0,K10/B10) -> 0 | O10: =B10-K10 -> 0
A11: 3.研究發展設備使用費 | D11: =SUM(B11:C11) -> 0 | E11: 0 | F11: 0 | G11: =SUM(E11:F11) -> 0 | H11: =IFERROR(IF(M11>=D11,B11-E11,ROUND(J11*(B11/D11),0)),0) -> 0 | I11: =J11-H11 -> 0 | J11: =研發設備使用費!L8+研發設備使用費!L58 -> 0 | K11: =E11+H11 -> 0 | L11: =F11+I11 -> 0 | M11: =G11+J11 -> 0 | N11: =IF(B11=0,0,K11/B11) -> 0 | O11: =B11-K11 -> 0
A12: 4.研究發展設備維護費 | D12: =SUM(B12:C12) -> 0 | E12: 0 | F12: 0 | G12: =SUM(E12:F12) -> 0 | H12: =IFERROR(IF(M12>=D12,B12-E12,ROUND(J12*(B12/D12),0)),0) -> 0 | I12: =J12-H12 -> 0 | J12: =研發設備維護費!L7 -> 0 | K12: =E12+H12 -> 0 | L12: =F12+I12 -> 0 | M12: =G12+J12 -> 0 | N12: =IF(B12=0,0,K12/B12) -> 0 | O12: =B12-K12 -> 0
A13: 5.技術引進及委託研究費 | D13: =SUM(B13:C13) -> 0 | E13: 0 | F13: 0 | G13: =SUM(E13:F13) -> 0 | H13: =IFERROR(IF(M13>=D13,B13-E13,ROUND(J13*(B13/D13),0)),0) -> 0 | I13: =J13-H13 -> 0 | J13: =技術引進及委託研究費!C48 -> 0 | K13: =E13+H13 -> 0 | L13: =F13+I13 -> 0 | M13: =G13+J13 -> 0 | N13: =IF(B13=0,0,K13/B13) -> 0 | O13: =B13-K13 -> 0
A14: 6.專利申請費 | D14: =SUM(B14:C14) -> 0 | E14: 0 | F14: 0 | G14: =SUM(E14:F14) -> 0 | H14: =IFERROR(IF(M14>=D14,B14-E14,ROUND(J14*(B14/D14),0)),0) -> 0 | I14: =J14-H14 -> 0 | J14: =專利申請費!J10 -> 0 | K14: =E14+H14 -> 0 | L14: =F14+I14 -> 0 | M14: =G14+J14 -> 0 | N14: =IF(B14=0,0,K14/B14) -> 0 | O14: =B14-K14 -> 0
A15: 合 計 | B15: =SUM(B9:B14) -> 0 | C15: =SUM(C9:C14) -> 0 | D15: =SUM(D9:D14) -> 0 | E15: =SUM(E9:E14) -> 0 | F15: =SUM(F9:F14) -> 0 | G15: =SUM(G9:G14) -> 0 | H15: =SUM(H9:H14) -> 0 | I15: =SUM(I9:I14) -> 0 | ... M15: =SUM(M9:M14) -> 0 | N15: =IF(B15=0,0,K15/B15) -> 0 | O15: =B15-K15 -> 0
A16: 補助款累計撥款數 | C16: (期中填) | M16: (結案填) | N16: 預算數尾款撥款數 (A)
A17: 補助款動支率 | B17: =IF(B16=0,0,K15/B16) -> 0 | N17: 執行期間扣款數 (C) | O17: 0
N18: 實際尾款應撥款數 D=(A-B-C) | O18: =O16-O15-O17 -> 0
A19: 註1:本表左半部於期中填報，右側(紅色部份)於結案時加填。
A20: 註2:金額以元為單位。
A21: 註3:「本期實支數」由各科目明細表自動帶入，請於各明細表填列，勿於本表直接輸入。
A22: 註4:「執行期間扣款數」為因執行結果與目標嚴重不符且經審查核定之扣款金額。
A23: 註5:請填寫綠色填滿之欄位，電腦會自動編列小計。
A25: 公司負責人: | E25: 計畫主持人: | H25: 主辦會計: | K25: 填表人：
K26: （請蓋章或簽名並註明日期）
A31: 計畫經費彙總表
A33: 資料期間：自115年09月01日至115年10月31日
A34: =A6 -> 公司名稱：
B35: 全程預算數 | E35: 上期累計實支數 | H35: 本期實支數 | K35: 累計實支數 | N35: 結案時填列
A36: 預算科目 | B36: 補助款 | C36: 自籌款 | D36: 小計 | E36: 補助款 | F36: 自籌款 | G36: 小計 | H36: 補助款 | I36: 自籌款 | J36: 小計 | K36: 補助款 | L36: 自籌款 | M36: 小計 | N36: 計畫動支率 | O36: 結餘(繳款)數 (B)
A37: 1.研究發展人員人事費 | B37: =B9 -> 0 | C37: =C9 -> 0 | D37: =SUM(B37:C37) -> 0 | E37: =K9 -> 0 | F37: =L9 -> 0 | G37: =SUM(E37:F37) -> 0 | H37: =IFERROR(IF(M37>=D37,B37-E37,ROUND(J37*(B37/D37),0)),0) -> 0 | I37: =J37-H37 -> 0 | J37: =研發人員薪資表!M21+顧問費!C8 -> 0 | K37: =E37+H37 -> 0 | L37: =F37+I37 -> 0 | M37: =G37+J37 -> 0 | N37: =IF(B37=0,0,K37/B37) -> 0 | O37: =B37-K37 -> 0
A38: 2.消耗性器材及原材料費 | B38: =B10 -> 0 | C38: =C10 -> 0 | D38: =SUM(B38:C38) -> 0 | E38: =K10 -> 0 | F38: =L10 -> 0 | G38: =SUM(E38:F38) -> 0 | H38: =IFERROR(IF(M38>=D38,B38-E38,ROUND(J38*(B38/D38),0)),0) -> 0 | I38: =J38-H38 -> 0 | J38: =消耗性器材及原材料費!K17 -> 0 | K38: =E38+H38 -> 0 | L38: =F38+I38 -> 0 | M38: =G38+J38 -> 0 | N38: =IF(B38=0,0,K38/B38) -> 0 | O38: =B38-K38 -> 0
A39: 3.研究發展設備使用費 | B39: =B11 -> 0 | C39: =C11 -> 0 | D39: =SUM(B39:C39) -> 0 | E39: =K11 -> 0 | F39: =L11 -> 0 | G39: =SUM(E39:F39) -> 0 | H39: =IFERROR(IF(M39>=D39,B39-E39,ROUND(J39*(B39/D39),0)),0) -> 0 | I39: =J39-H39 -> 0 | J39: =研發設備使用費!L13+研發設備使用費!L62 -> 0 | K39: =E39+H39 -> 0 | L39: =F39+I39 -> 0 | M39: =G39+J39 -> 0 | N39: =IF(B39=0,0,K39/B39) -> 0 | O39: =B39-K39 -> 0
A40: 4.研究發展設備維護費 | B40: =B12 -> 0 | C40: =C12 -> 0 | D40: =SUM(B40:C40) -> 0 | E40: =K12 -> 0 | F40: =L12 -> 0 | G40: =SUM(E40:F40) -> 0 | H40: =IFERROR(IF(M40>=D40,B40-E40,ROUND(J40*(B40/D40),0)),0) -> 0 | I40: =J40-H40 -> 0 | J40: =研發設備維護費!L11 -> 0 | K40: =E40+H40 -> 0 | L40: =F40+I40 -> 0 | M40: =G40+J40 -> 0 | N40: =IF(B40=0,0,K40/B40) -> 0 | O40: =B40-K40 -> 0
A41: 5.技術引進及委託研究費 | B41: =B13 -> 0 | C41: =C13 -> 0 | D41: =SUM(B41:C41) -> 0 | E41: =K13 -> 0 | F41: =L13 -> 0 | G41: =SUM(E41:F41) -> 0 | H41: =IFERROR(IF(M41>=D41,B41-E41,ROUND(J41*(B41/D41),0)),0) -> 0 | I41: =J41-H41 -> 0 | J41: =技術引進及委託研究費!C49 -> 0 | K41: =E41+H41 -> 0 | L41: =F41+I41 -> 0 | M41: =G41+J41 -> 0 | N41: =IF(B41=0,0,K41/B41) -> 0 | O41: =B41-K41 -> 0
A42: 6.專利申請費 | D42: =SUM(B42:C42) -> 0 | E42: =K14 -> 0 | F42: =L14 -> 0 | G42: =SUM(E42:F42) -> 0 | H42: =IFERROR(IF(M42>=D42,B42-E42,ROUND(J42*(B42/D42),0)),0) -> 0 | I42: =J42-H42 -> 0 | J42: =專利申請費!J17 -> 0 | K42: =E42+H42 -> 0 | L42: =F42+I42 -> 0 | M42: =G42+J42 -> 0 | N42: =IF(B42=0,0,K42/B42) -> 0 | O42: =B42-K42 -> 0
A43: 合 計 | B43: =SUM(B37:B42) -> 0 | C43: =SUM(C37:C42) -> 0 | D43: =SUM(D37:D42) -> 0 | E43: =SUM(E37:E42) -> 0 | F43: =SUM(F37:F42) -> 0 | G43: =SUM(G37:G42) -> 0 | H43: =SUM(H37:H42) -> 0 | I43: =SUM(I37:I42) -> 0 | ... M43: =SUM(M37:M42) -> 0 | N43: =IF(B43=0,0,K43/B43) -> 0 | O43: =B43-K43 -> 0
A44: 補助款累計撥款數 | C44: (期中填) | M44: (結案填) | N44: 預算數尾款撥款數 (A)
A45: 補助款動支率 | B45: =IF(B44=0,0,K43/B44) -> 0 | N45: 執行期間扣款數 (C) | O45: 0
N46: 實際尾款應撥款數 D=(A-B-C) | O46: =O44-O43-O45 -> 0
A47: 註1:本表左半部於期中填報，右側(紅色部份)於結案時加填。
A48: 註2:金額以元為單位。
A49: 註3:「本期實支數」由各科目明細表自動帶入，請於各明細表填列，勿於本表直接輸入。
A50: 註4:「執行期間扣款數」為因執行結果與目標嚴重不符且經審查核定之扣款金額。
A51: 註5:請填寫綠色填滿之欄位，電腦會自動編列小計。
A53: 公司負責人: | E53: 計畫主持人: | H53: 主辦會計: | K53: 填表人：
K54: （請蓋章或簽名並註明日期）
A59: 計畫經費彙總表
A61: 資料期間：自115年09月01日至115年11月30日
A62: =A6 -> 公司名稱：
B63: 全程預算數 | E63: 上期累計實支數 | H63: 本期實支數 | K63: 累計實支數 | N63: 結案時填列
A64: 預算科目 | B64: 補助款 | C64: 自籌款 | D64: 小計 | E64: 補助款 | F64: 自籌款 | G64: 小計 | H64: 補助款 | I64: 自籌款 | J64: 小計 | K64: 補助款 | L64: 自籌款 | M64: 小計 | N64: 計畫動支率 | O64: 結餘(繳款)數 (B)
A65: 1.研究發展人員人事費 | B65: =B9 -> 0 | C65: =C9 -> 0 | D65: =SUM(B65:C65) -> 0 | E65: =K37 -> 0 | F65: =L37 -> 0 | G65: =SUM(E65:F65) -> 0 | H65: =IFERROR(IF(M65>=D65,B65-E65,ROUND(J65*(B65/D65),0)),0) -> 0 | I65: =J65-H65 -> 0 | J65: =研發人員薪資表!M30+顧問費!D8 -> 0 | K65: =E65+H65 -> 0 | L65: =F65+I65 -> 0 | M65: =G65+J65 -> 0 | N65: =IF(B65=0,0,K65/B65) -> 0 | O65: =B65-K65 -> 0
A66: 2.消耗性器材及原材料費 | B66: =B10 -> 0 | C66: =C10 -> 0 | D66: =SUM(B66:C66) -> 0 | E66: =K38 -> 0 | F66: =L38 -> 0 | G66: =SUM(E66:F66) -> 0 | H66: =IFERROR(IF(M66>=D66,B66-E66,ROUND(J66*(B66/D66),0)),0) -> 0 | I66: =J66-H66 -> 0 | J66: =消耗性器材及原材料費!K24 -> 0 | K66: =E66+H66 -> 0 | L66: =F66+I66 -> 0 | M66: =G66+J66 -> 0 | N66: =IF(B66=0,0,K66/B66) -> 0 | O66: =B66-K66 -> 0
A67: 3.研究發展設備使用費 | B67: =B11 -> 0 | C67: =C11 -> 0 | D67: =SUM(B67:C67) -> 0 | E67: =K39 -> 0 | F67: =L39 -> 0 | G67: =SUM(E67:F67) -> 0 | H67: =IFERROR(IF(M67>=D67,B67-E67,ROUND(J67*(B67/D67),0)),0) -> 0 | I67: =J67-H67 -> 0 | J67: =研發設備使用費!L18+研發設備使用費!L66 -> 0 | K67: =E67+H67 -> 0 | L67: =F67+I67 -> 0 | M67: =G67+J67 -> 0 | N67: =IF(B67=0,0,K67/B67) -> 0 | O67: =B67-K67 -> 0
A68: 4.研究發展設備維護費 | B68: =B12 -> 0 | C68: =C12 -> 0 | D68: =SUM(B68:C68) -> 0 | E68: =K40 -> 0 | F68: =L40 -> 0 | G68: =SUM(E68:F68) -> 0 | H68: =IFERROR(IF(M68>=D68,B68-E68,ROUND(J68*(B68/D68),0)),0) -> 0 | I68: =J68-H68 -> 0 | J68: =研發設備維護費!L15 -> 0 | K68: =E68+H68 -> 0 | L68: =F68+I68 -> 0 | M68: =G68+J68 -> 0 | N68: =IF(B68=0,0,K68/B68) -> 0 | O68: =B68-K68 -> 0
A69: 5.技術引進及委託研究費 | B69: =B13 -> 0 | C69: =C13 -> 0 | D69: =SUM(B69:C69) -> 0 | E69: =K41 -> 0 | F69: =L41 -> 0 | G69: =SUM(E69:F69) -> 0 | H69: =IFERROR(IF(M69>=D69,B69-E69,ROUND(J69*(B69/D69),0)),0) -> 0 | I69: =J69-H69 -> 0 | J69: =技術引進及委託研究費!C50 -> 0 | K69: =E69+H69 -> 0 | L69: =F69+I69 -> 0 | M69: =G69+J69 -> 0 | N69: =IF(B69=0,0,K69/B69) -> 0 | O69: =B69-K69 -> 0
A70: 6.專利申請費 | D70: =SUM(B70:C70) -> 0 | E70: =K42 -> 0 | F70: =L42 -> 0 | G70: =SUM(E70:F70) -> 0 | H70: =IFERROR(IF(M70>=D70,B70-E70,ROUND(J70*(B70/D70),0)),0) -> 0 | I70: =J70-H70 -> 0 | J70: =專利申請費!J24 -> 0 | K70: =E70+H70 -> 0 | L70: =F70+I70 -> 0 | M70: =G70+J70 -> 0 | N70: =IF(B70=0,0,K70/B70) -> 0 | O70: =B70-K70 -> 0
A71: 合 計 | B71: =SUM(B65:B70) -> 0 | C71: =SUM(C65:C70) -> 0 | D71: =SUM(D65:D70) -> 0 | E71: =SUM(E65:E70) -> 0 | F71: =SUM(F65:F70) -> 0 | G71: =SUM(G65:G70) -> 0 | H71: =SUM(H65:H70) -> 0 | I71: =SUM(I65:I70) -> 0 | ... M71: =SUM(M65:M70) -> 0 | N71: =IF(B71=0,0,K71/B71) -> 0 | O71: =B71-K71 -> 0
A72: 補助款累計撥款數 | C72: (期中填) | M72: (結案填) | N72: 預算數尾款撥款數 (A)
A73: 補助款動支率 | B73: =IF(B72=0,0,K71/B72) -> 0 | N73: 執行期間扣款數 (C) | O73: 0
N74: 實際尾款應撥款數 D=(A-B-C) | O74: =O72-O71-O73 -> 0
A75: 註1:本表左半部於期中填報，右側(紅色部份)於結案時加填。
A76: 註2:金額以元為單位。
A77: 註3:「本期實支數」由各科目明細表自動帶入，請於各明細表填列，勿於本表直接輸入。
A78: 註4:「執行期間扣款數」為因執行結果與目標嚴重不符且經審查核定之扣款金額。
A79: 註5:請填寫綠色填滿之欄位，電腦會自動編列小計。
A81: 公司負責人: | E81: 計畫主持人: | H81: 主辦會計: | K81: 填表人：
K82: （請蓋章或簽名並註明日期）
A87: 計畫經費彙總表
A89: 資料期間：自115年09月01日至115年12月31日
A90: =A6 -> 公司名稱：
B91: 全程預算數 | E91: 上期累計實支數 | H91: 本期實支數 | K91: 累計實支數 | N91: 結案時填列
A92: 預算科目 | B92: 補助款 | C92: 自籌款 | D92: 小計 | E92: 補助款 | F92: 自籌款 | G92: 小計 | H92: 補助款 | I92: 自籌款 | J92: 小計 | K92: 補助款 | L92: 自籌款 | M92: 小計 | N92: 計畫動支率 | O92: 結餘(繳款)數 (B)
A93: 1.研究發展人員人事費 | B93: =B9 -> 0 | C93: =C9 -> 0 | D93: =SUM(B93:C93) -> 0 | E93: =K65 -> 0 | F93: =L65 -> 0 | G93: =SUM(E93:F93) -> 0 | H93: =IFERROR(IF(M93>=D93,B93-E93,ROUND(J93*(B93/D93),0)),0) -> 0 | I93: =J93-H93 -> 0 | J93: =研發人員薪資表!M39+顧問費!E8 -> 0 | K93: =E93+H93 -> 0 | L93: =F93+I93 -> 0 | M93: =G93+J93 -> 0 | N93: =IF(B93=0,0,K93/B93) -> 0 | O93: =B93-K93 -> 0
A94: 2.消耗性器材及原材料費 | B94: =B10 -> 0 | C94: =C10 -> 0 | D94: =SUM(B94:C94) -> 0 | E94: =K66 -> 0 | F94: =L66 -> 0 | G94: =SUM(E94:F94) -> 0 | H94: =IFERROR(IF(M94>=D94,B94-E94,ROUND(J94*(B94/D94),0)),0) -> 0 | I94: =J94-H94 -> 0 | J94: =消耗性器材及原材料費!K31 -> 0 | K94: =E94+H94 -> 0 | L94: =F94+I94 -> 0 | M94: =G94+J94 -> 0 | N94: =IF(B94=0,0,K94/B94) -> 0 | O94: =B94-K94 -> 0
A95: 3.研究發展設備使用費 | B95: =B11 -> 0 | C95: =C11 -> 0 | D95: =SUM(B95:C95) -> 0 | E95: =K67 -> 0 | F95: =L67 -> 0 | G95: =SUM(E95:F95) -> 0 | H95: =IFERROR(IF(M95>=D95,B95-E95,ROUND(J95*(B95/D95),0)),0) -> 0 | I95: =J95-H95 -> 0 | J95: =研發設備使用費!L23+研發設備使用費!L70 -> 0 | K95: =E95+H95 -> 0 | L95: =F95+I95 -> 0 | M95: =G95+J95 -> 0 | N95: =IF(B95=0,0,K95/B95) -> 0 | O95: =B95-K95 -> 0
A96: 4.研究發展設備維護費 | B96: =B12 -> 0 | C96: =C12 -> 0 | D96: =SUM(B96:C96) -> 0 | E96: =K68 -> 0 | F96: =L68 -> 0 | G96: =SUM(E96:F96) -> 0 | H96: =IFERROR(IF(M96>=D96,B96-E96,ROUND(J96*(B96/D96),0)),0) -> 0 | I96: =J96-H96 -> 0 | J96: =研發設備維護費!L19 -> 0 | K96: =E96+H96 -> 0 | L96: =F96+I96 -> 0 | M96: =G96+J96 -> 0 | N96: =IF(B96=0,0,K96/B96) -> 0 | O96: =B96-K96 -> 0
A97: 5.技術引進及委託研究費 | B97: =B13 -> 0 | C97: =C13 -> 0 | D97: =SUM(B97:C97) -> 0 | E97: =K69 -> 0 | F97: =L69 -> 0 | G97: =SUM(E97:F97) -> 0 | H97: =IFERROR(IF(M97>=D97,B97-E97,ROUND(J97*(B97/D97),0)),0) -> 0 | I97: =J97-H97 -> 0 | J97: =技術引進及委託研究費!C51 -> 0 | K97: =E97+H97 -> 0 | L97: =F97+I97 -> 0 | M97: =G97+J97 -> 0 | N97: =IF(B97=0,0,K97/B97) -> 0 | O97: =B97-K97 -> 0
A98: 6.專利申請費 | D98: =SUM(B98:C98) -> 0 | E98: =K70 -> 0 | F98: =L70 -> 0 | G98: =SUM(E98:F98) -> 0 | H98: =IFERROR(IF(M98>=D98,B98-E98,ROUND(J98*(B98/D98),0)),0) -> 0 | I98: =J98-H98 -> 0 | J98: =專利申請費!J31 -> 0 | K98: =E98+H98 -> 0 | L98: =F98+I98 -> 0 | M98: =G98+J98 -> 0 | N98: =IF(B98=0,0,K98/B98) -> 0 | O98: =B98-K98 -> 0
A99: 合 計 | B99: =SUM(B93:B98) -> 0 | C99: =SUM(C93:C98) -> 0 | D99: =SUM(D93:D98) -> 0 | E99: =SUM(E93:E98) -> 0 | F99: =SUM(F93:F98) -> 0 | G99: =SUM(G93:G98) -> 0 | H99: =SUM(H93:H98) -> 0 | I99: =SUM(I93:I98) -> 0 | ... M99: =SUM(M93:M98) -> 0 | N99: =IF(B99=0,0,K99/B99) -> 0 | O99: =B99-K99 -> 0
A100: 補助款累計撥款數 | C100: (期中填) | M100: (結案填) | N100: 預算數尾款撥款數 (A)
A101: 補助款動支率 | B101: =IF(B100=0,0,K99/B100) -> 0 | N101: 執行期間扣款數 (C) | O101: 0
N102: 實際尾款應撥款數 D=(A-B-C) | O102: =O100-O99-O101 -> 0
A103: 註1:本表左半部於期中填報，右側(紅色部份)於結案時加填。
A104: 註2:金額以元為單位。
A105: 註3:「本期實支數」由各科目明細表自動帶入，請於各明細表填列，勿於本表直接輸入。
A106: 註4:「執行期間扣款數」為因執行結果與目標嚴重不符且經審查核定之扣款金額。
A107: 註5:請填寫綠色填滿之欄位，電腦會自動編列小計。
A109: 公司負責人: | E109: 計畫主持人: | H109: 主辦會計: | K109: 填表人：
K110: （請蓋章或簽名並註明日期）
A115: 計畫經費彙總表
A117: 資料期間：自115年09月01日至116年01月31日
A118: =A6 -> 公司名稱：
B119: 全程預算數 | E119: 上期累計實支數 | H119: 本期實支數 | K119: 累計實支數 | N119: 結案時填列
A120: 預算科目 | B120: 補助款 | C120: 自籌款 | D120: 小計 | E120: 補助款 | F120: 自籌款 | G120: 小計 | H120: 補助款 | I120: 自籌款 | J120: 小計 | K120: 補助款 | L120: 自籌款 | M120: 小計 | N120: 計畫動支率 | O120: 結餘(繳款)數 (B)
A121: 1.研究發展人員人事費 | B121: =B9 -> 0 | C121: =C9 -> 0 | D121: =SUM(B121:C121) -> 0 | E121: =K93 -> 0 | F121: =L93 -> 0 | G121: =SUM(E121:F121) -> 0 | H121: =IFERROR(IF(M121>=D121,B121-E121,ROUND(J121*(B121/D121),0)),0) -> 0 | I121: =J121-H121 -> 0 | J121: =研發人員薪資表!M48+顧問費!F8 -> 0 | K121: =E121+H121 -> 0 | L121: =F121+I121 -> 0 | M121: =G121+J121 -> 0 | N121: =IF(B121=0,0,K121/B121) -> 0 | O121: =B121-K121 -> 0
A122: 2.消耗性器材及原材料費 | B122: =B10 -> 0 | C122: =C10 -> 0 | D122: =SUM(B122:C122) -> 0 | E122: =K94 -> 0 | F122: =L94 -> 0 | G122: =SUM(E122:F122) -> 0 | H122: =IFERROR(IF(M122>=D122,B122-E122,ROUND(J122*(B122/D122),0)),0) -> 0 | I122: =J122-H122 -> 0 | J122: =消耗性器材及原材料費!K38 -> 0 | K122: =E122+H122 -> 0 | L122: =F122+I122 -> 0 | M122: =G122+J122 -> 0 | N122: =IF(B122=0,0,K122/B122) -> 0 | O122: =B122-K122 -> 0
A123: 3.研究發展設備使用費 | B123: =B11 -> 0 | C123: =C11 -> 0 | D123: =SUM(B123:C123) -> 0 | E123: =K95 -> 0 | F123: =L95 -> 0 | G123: =SUM(E123:F123) -> 0 | H123: =IFERROR(IF(M123>=D123,B123-E123,ROUND(J123*(B123/D123),0)),0) -> 0 | I123: =J123-H123 -> 0 | J123: =研發設備使用費!L28+研發設備使用費!L74 -> 0 | K123: =E123+H123 -> 0 | L123: =F123+I123 -> 0 | M123: =G123+J123 -> 0 | N123: =IF(B123=0,0,K123/B123) -> 0 | O123: =B123-K123 -> 0
A124: 4.研究發展設備維護費 | B124: =B12 -> 0 | C124: =C12 -> 0 | D124: =SUM(B124:C124) -> 0 | E124: =K96 -> 0 | F124: =L96 -> 0 | G124: =SUM(E124:F124) -> 0 | H124: =IFERROR(IF(M124>=D124,B124-E124,ROUND(J124*(B124/D124),0)),0) -> 0 | I124: =J124-H124 -> 0 | J124: =研發設備維護費!L23 -> 0 | K124: =E124+H124 -> 0 | L124: =F124+I124 -> 0 | M124: =G124+J124 -> 0 | N124: =IF(B124=0,0,K124/B124) -> 0 | O124: =B124-K124 -> 0
A125: 5.技術引進及委託研究費 | B125: =B13 -> 0 | C125: =C13 -> 0 | D125: =SUM(B125:C125) -> 0 | E125: =K97 -> 0 | F125: =L97 -> 0 | G125: =SUM(E125:F125) -> 0 | H125: =IFERROR(IF(M125>=D125,B125-E125,ROUND(J125*(B125/D125),0)),0) -> 0 | I125: =J125-H125 -> 0 | J125: =技術引進及委託研究費!C52 -> 0 | K125: =E125+H125 -> 0 | L125: =F125+I125 -> 0 | M125: =G125+J125 -> 0 | N125: =IF(B125=0,0,K125/B125) -> 0 | O125: =B125-K125 -> 0
A126: 6.專利申請費 | D126: =SUM(B126:C126) -> 0 | E126: =K98 -> 0 | F126: =L98 -> 0 | G126: =SUM(E126:F126) -> 0 | H126: =IFERROR(IF(M126>=D126,B126-E126,ROUND(J126*(B126/D126),0)),0) -> 0 | I126: =J126-H126 -> 0 | J126: =專利申請費!J38 -> 0 | K126: =E126+H126 -> 0 | L126: =F126+I126 -> 0 | M126: =G126+J126 -> 0 | N126: =IF(B126=0,0,K126/B126) -> 0 | O126: =B126-K126 -> 0
A127: 合 計 | B127: =SUM(B121:B126) -> 0 | C127: =SUM(C121:C126) -> 0 | D127: =SUM(D121:D126) -> 0 | E127: =SUM(E121:E126) -> 0 | F127: =SUM(F121:F126) -> 0 | G127: =SUM(G121:G126) -> 0 | H127: =SUM(H121:H126) -> 0 | I127: =SUM(I121:I126) -> 0 | ... M127: =SUM(M121:M126) -> 0 | N127: =IF(B127=0,0,K127/B127) -> 0 | O127: =B127-K127 -> 0
...

Sheet 研發人員薪資表
A1: 研發人員薪資表
A2: =計畫經費彙總表!A6 -> 公司名稱： | M2: 金額單位:元
A3: 姓 名 | B3: 本薪 A | C3: 職務加給或 技術津貼 B | D3: 主管加給 C | E3: 月薪小計 D=A+B+C | F3: 每月可提列之獎金上限 E=D*2/12 | G3: 當月實際 提列之獎金(註2) F | H3: 其他 (於備註3說明) G | I3: 小計 H=D+F+G | J3: 投入比率 (註1) I | K3: 可列入本計畫之薪餉J=H*I | L3: 調整金額 K | M3: 應計入本計畫薪資 L=J+K
A4: 115年09月
A5: =工時記錄表!A5 -> 0 | E5: =SUM(B5:D5) -> 0 | F5: =ROUNDDOWN(E5*2/12,0) -> 0 | I5: =E5+G5+H5 -> 0 | J5: =工時記錄表!AI5 -> 0 | K5: =ROUNDDOWN(I5*J5,0) -> 0 | M5: =SUM(K5:L5) -> 0
A6: =工時記錄表!A6 -> 0 | E6: =SUM(B6:D6) -> 0 | F6: =ROUNDDOWN(E6*2/12,0) -> 0 | I6: =E6+G6+H6 -> 0 | J6: =工時記錄表!AI6 -> 0 | K6: =ROUNDDOWN(I6*J6,0) -> 0 | M6: =SUM(K6:L6) -> 0
A7: =工時記錄表!A7 -> 0 | E7: =SUM(B7:D7) -> 0 | F7: =ROUNDDOWN(E7*2/12,0) -> 0 | I7: =E7+G7+H7 -> 0 | J7: =工時記錄表!AI7 -> 0 | K7: =ROUNDDOWN(I7*J7,0) -> 0 | M7: =SUM(K7:L7) -> 0
A8: =工時記錄表!A8 -> 0 | E8: =SUM(B8:D8) -> 0 | F8: =ROUNDDOWN(E8*2/12,0) -> 0 | I8: =E8+G8+H8 -> 0 | J8: =工時記錄表!AI8 -> 0 | K8: =ROUNDDOWN(I8*J8,0) -> 0 | M8: =SUM(K8:L8) -> 0
A9: =工時記錄表!A9 -> 0 | E9: =SUM(B9:D9) -> 0 | F9: =ROUNDDOWN(E9*2/12,0) -> 0 | I9: =E9+G9+H9 -> 0 | J9: =工時記錄表!AI9 -> 0 | K9: =ROUNDDOWN(I9*J9,0) -> 0 | M9: =SUM(K9:L9) -> 0
A10: =工時記錄表!A10 -> 0 | E10: =SUM(B10:D10) -> 0 | F10: =ROUNDDOWN(E10*2/12,0) -> 0 | I10: =E10+G10+H10 -> 0 | J10: =工時記錄表!AI10 -> 0 | K10: =ROUNDDOWN(I10*J10,0) -> 0 | M10: =SUM(K10:L10) -> 0
A11: =工時記錄表!A11 -> 0 | E11: =SUM(B11:D11) -> 0 | F11: =ROUNDDOWN(E11*2/12,0) -> 0 | I11: =E11+G11+H11 -> 0 | J11: =工時記錄表!AI11 -> 0 | K11: =ROUNDDOWN(I11*J11,0) -> 0 | M11: =SUM(K11:L11) -> 0
A12: 小計 | B12: =SUM(B5:B11) -> 0 | C12: =SUM(C5:C11) -> 0 | D12: =SUM(D5:D11) -> 0 | E12: =SUM(B12:D12) -> 0 | F12: =SUM(F5:F11) -> 0 | G12: =SUM(G5:G11) -> 0 | H12: =SUM(H5:H11) -> 0 | I12: =SUM(I5:I11) -> 0 | J12: =SUM(J5:J11) -> 0 | K12: =SUM(K5:K11) -> 0 | L12: =SUM(L5:L11) -> 0 | M12: =SUM(M5:M11) -> 0
A13: 115年10月
A14: =工時記錄表!A14 -> 0 | E14: =SUM(B14:D14) -> 0 | F14: =ROUNDDOWN(E14*2/12,0) -> 0 | I14: =E14+G14+H14 -> 0 | J14: =工時記錄表!AI14 -> 0 | K14: =ROUNDDOWN(I14*J14,0) -> 0 | M14: =K14+L14 -> 0
A15: =工時記錄表!A15 -> 0 | E15: =SUM(B15:D15) -> 0 | F15: =ROUNDDOWN(E15*2/12,0) -> 0 | I15: =E15+G15+H15 -> 0 | J15: =工時記錄表!AI15 -> 0 | K15: =ROUNDDOWN(I15*J15,0) -> 0 | M15: =K15+L15 -> 0
A16: =工時記錄表!A16 -> 0 | E16: =SUM(B16:D16) -> 0 | F16: =ROUNDDOWN(E16*2/12,0) -> 0 | I16: =E16+G16+H16 -> 0 | J16: =工時記錄表!AI16 -> 0 | K16: =ROUNDDOWN(I16*J16,0) -> 0 | M16: =K16+L16 -> 0
A17: =工時記錄表!A17 -> 0 | E17: =SUM(B17:D17) -> 0 | F17: =ROUNDDOWN(E17*2/12,0) -> 0 | I17: =E17+G17+H17 -> 0 | J17: =工時記錄表!AI17 -> 0 | K17: =ROUNDDOWN(I17*J17,0) -> 0 | M17: =K17+L17 -> 0
A18: =工時記錄表!A18 -> 0 | E18: =SUM(B18:D18) -> 0 | F18: =ROUNDDOWN(E18*2/12,0) -> 0 | I18: =E18+G18+H18 -> 0 | J18: =工時記錄表!AI18 -> 0 | K18: =ROUNDDOWN(I18*J18,0) -> 0 | M18: =K18+L18 -> 0
A19: =工時記錄表!A19 -> 0 | E19: =SUM(B19:D19) -> 0 | F19: =ROUNDDOWN(E19*2/12,0) -> 0 | I19: =E19+G19+H19 -> 0 | J19: =工時記錄表!AI19 -> 0 | K19: =ROUNDDOWN(I19*J19,0) -> 0 | M19: =K19+L19 -> 0
A20: =工時記錄表!A20 -> 0 | E20: =SUM(B20:D20) -> 0 | F20: =ROUNDDOWN(E20*2/12,0) -> 0 | I20: =E20+G20+H20 -> 0 | J20: =工時記錄表!AI20 -> 0 | K20: =ROUNDDOWN(I20*J20,0) -> 0 | M20: =K20+L20 -> 0
A21: 小計 | B21: =SUM(B14:B20) -> 0 | C21: =SUM(C14:C20) -> 0 | D21: =SUM(D14:D20) -> 0 | E21: =SUM(B21:D21) -> 0 | F21: =SUM(F14:F20) -> 0 | G21: =SUM(G14:G20) -> 0 | H21: =SUM(H14:H20) -> 0 | I21: =SUM(I14:I20) -> 0 | J21: =SUM(J14:J20) -> 0 | K21: =SUM(K14:K20) -> 0 | L21: =SUM(L14:L20) -> 0 | M21: =SUM(M14:M20) -> 0
A22: 115年11月
A23: =工時記錄表!A23 -> 0 | E23: =SUM(B23:D23) -> 0 | F23: =ROUNDDOWN(E23*2/12,0) -> 0 | I23: =E23+G23+H23 -> 0 | J23: =工時記錄表!AI23 -> 0 | K23: =ROUNDDOWN(I23*J23,0) -> 0 | M23: =K23+L23 -> 0
A24: =工時記錄表!A24 -> 0 | E24: =SUM(B24:D24) -> 0 | F24: =ROUNDDOWN(E24*2/12,0) -> 0 | I24: =E24+G24+H24 -> 0 | J24: =工時記錄表!AI24 -> 0 | K24: =ROUNDDOWN(I24*J24,0) -> 0 | M24: =K24+L24 -> 0
A25: =工時記錄表!A25 -> 0 | E25: =SUM(B25:D25) -> 0 | F25: =ROUNDDOWN(E25*2/12,0) -> 0 | I25: =E25+G25+H25 -> 0 | J25: =工時記錄表!AI25 -> 0 | K25: =ROUNDDOWN(I25*J25,0) -> 0 | M25: =K25+L25 -> 0
A26: =工時記錄表!A26 -> 0 | E26: =SUM(B26:D26) -> 0 | F26: =ROUNDDOWN(E26*2/12,0) -> 0 | I26: =E26+G26+H26 -> 0 | J26: =工時記錄表!AI26 -> 0 | K26: =ROUNDDOWN(I26*J26,0) -> 0 | M26: =K26+L26 -> 0
A27: =工時記錄表!A27 -> 0 | E27: =SUM(B27:D27) -> 0 | F27: =ROUNDDOWN(E27*2/12,0) -> 0 | I27: =E27+G27+H27 -> 0 | J27: =工時記錄表!AI27 -> 0 | K27: =ROUNDDOWN(I27*J27,0) -> 0 | M27: =K27+L27 -> 0
A28: =工時記錄表!A28 -> 0 | E28: =SUM(B28:D28) -> 0 | F28: =ROUNDDOWN(E28*2/12,0) -> 0 | I28: =E28+G28+H28 -> 0 | J28: =工時記錄表!AI28 -> 0 | K28: =ROUNDDOWN(I28*J28,0) -> 0 | M28: =K28+L28 -> 0
A29: =工時記錄表!A29 -> 0 | E29: =SUM(B29:D29) -> 0 | F29: =ROUNDDOWN(E29*2/12,0) -> 0 | I29: =E29+G29+H29 -> 0 | J29: =工時記錄表!AI29 -> 0 | K29: =ROUNDDOWN(I29*J29,0) -> 0 | M29: =K29+L29 -> 0
A30: 小計 | B30: =SUM(B23:B29) -> 0 | C30: =SUM(C23:C29) -> 0 | D30: =SUM(D23:D29) -> 0 | E30: =SUM(B30:D30) -> 0 | F30: =SUM(F23:F29) -> 0 | G30: =SUM(G23:G29) -> 0 | H30: =SUM(H23:H29) -> 0 | I30: =SUM(I23:I29) -> 0 | J30: =SUM(J23:J29) -> 0 | K30: =SUM(K23:K29) -> 0 | L30: =SUM(L23:L29) -> 0 | M30: =SUM(M23:M29) -> 0
A31: 115年12月
A32: =工時記錄表!A32 -> 0 | E32: =SUM(B32:D32) -> 0 | F32: =ROUNDDOWN(E32*2/12,0) -> 0 | I32: =E32+G32+H32 -> 0 | J32: =工時記錄表!AI32 -> 0 | K32: =ROUNDDOWN(I32*J32,0) -> 0 | M32: =K32+L32 -> 0
A33: =工時記錄表!A33 -> 0 | E33: =SUM(B33:D33) -> 0 | F33: =ROUNDDOWN(E33*2/12,0) -> 0 | I33: =E33+G33+H33 -> 0 | J33: =工時記錄表!AI33 -> 0 | K33: =ROUNDDOWN(I33*J33,0) -> 0 | M33: =K33+L33 -> 0
A34: =工時記錄表!A34 -> 0 | E34: =SUM(B34:D34) -> 0 | F34: =ROUNDDOWN(E34*2/12,0) -> 0 | I34: =E34+G34+H34 -> 0 | J34: =工時記錄表!AI34 -> 0 | K34: =ROUNDDOWN(I34*J34,0) -> 0 | M34: =K34+L34 -> 0
A35: =工時記錄表!A35 -> 0 | E35: =SUM(B35:D35) -> 0 | F35: =ROUNDDOWN(E35*2/12,0) -> 0 | I35: =E35+G35+H35 -> 0 | J35: =工時記錄表!AI35 -> 0 | K35: =ROUNDDOWN(I35*J35,0) -> 0 | M35: =K35+L35 -> 0
A36: =工時記錄表!A36 -> 0 | E36: =SUM(B36:D36) -> 0 | F36: =ROUNDDOWN(E36*2/12,0) -> 0 | I36: =E36+G36+H36 -> 0 | J36: =工時記錄表!AI36 -> 0 | K36: =ROUNDDOWN(I36*J36,0) -> 0 | M36: =K36+L36 -> 0
A37: =工時記錄表!A37 -> 0 | E37: =SUM(B37:D37) -> 0 | F37: =ROUNDDOWN(E37*2/12,0) -> 0 | I37: =E37+G37+H37 -> 0 | J37: =工時記錄表!AI37 -> 0 | K37: =ROUNDDOWN(I37*J37,0) -> 0 | M37: =K37+L37 -> 0
A38: =工時記錄表!A38 -> 0 | E38: =SUM(B38:D38) -> 0 | F38: =ROUNDDOWN(E38*2/12,0) -> 0 | I38: =E38+G38+H38 -> 0 | J38: =工時記錄表!AI38 -> 0 | K38: =ROUNDDOWN(I38*J38,0) -> 0 | M38: =K38+L38 -> 0
A39: 小計 | B39: =SUM(B32:B38) -> 0 | C39: =SUM(C32:C38) -> 0 | D39: =SUM(D32:D38) -> 0 | E39: =SUM(B39:D39) -> 0 | F39: =SUM(F32:F38) -> 0 | G39: =SUM(G32:G38) -> 0 | H39: =SUM(H32:H38) -> 0 | I39: =SUM(I32:I38) -> 0 | J39: =SUM(J32:J38) -> 0 | K39: =SUM(K32:K38) -> 0 | L39: =SUM(L32:L38) -> 0 | M39: =SUM(M32:M38) -> 0
A40: 116年01月
A41: =工時記錄表!A41 -> 0 | E41: =SUM(B41:D41) -> 0 | F41: =ROUNDDOWN(E41*2/12,0) -> 0 | I41: =E41+G41+H41 -> 0 | J41: =工時記錄表!AI41 -> 0 | K41: =ROUNDDOWN(I41*J41,0) -> 0 | M41: =K41+L41 -> 0
A42: =工時記錄表!A42 -> 0 | E42: =SUM(B42:D42) -> 0 | F42: =ROUNDDOWN(E42*2/12,0) -> 0 | I42: =E42+G42+H42 -> 0 | J42: =工時記錄表!AI42 -> 0 | K42: =ROUNDDOWN(I42*J42,0) -> 0 | M42: =K42+L42 -> 0
A43: =工時記錄表!A43 -> 0 | E43: =SUM(B43:D43) -> 0 | F43: =ROUNDDOWN(E43*2/12,0) -> 0 | I43: =E43+G43+H43 -> 0 | J43: =工時記錄表!AI43 -> 0 | K43: =ROUNDDOWN(I43*J43,0) -> 0 | M43: =K43+L43 -> 0
A44: =工時記錄表!A44 -> 0 | E44: =SUM(B44:D44) -> 0 | F44: =ROUNDDOWN(E44*2/12,0) -> 0 | I44: =E44+G44+H44 -> 0 | J44: =工時記錄表!AI44 -> 0 | K44: =ROUNDDOWN(I44*J44,0) -> 0 | M44: =K44+L44 -> 0
A45: =工時記錄表!A45 -> 0 | E45: =SUM(B45:D45) -> 0 | F45: =ROUNDDOWN(E45*2/12,0) -> 0 | I45: =E45+G45+H45 -> 0 | J45: =工時記錄表!AI45 -> 0 | K45: =ROUNDDOWN(I45*J45,0) -> 0 | M45: =K45+L45 -> 0
A46: =工時記錄表!A46 -> 0 | E46: =SUM(B46:D46) -> 0 | F46: =ROUNDDOWN(E46*2/12,0) -> 0 | I46: =E46+G46+H46 -> 0 | J46: =工時記錄表!AI46 -> 0 | K46: =ROUNDDOWN(I46*J46,0) -> 0 | M46: =K46+L46 -> 0
A47: =工時記錄表!A47 -> 0 | E47: =SUM(B47:D47) -> 0 | F47: =ROUNDDOWN(E47*2/12,0) -> 0 | I47: =E47+G47+H47 -> 0 | J47: =工時記錄表!AI47 -> 0 | K47: =ROUNDDOWN(I47*J47,0) -> 0 | M47: =K47+L47 -> 0
A48: 小計 | B48: =SUM(B41:B47) -> 0 | C48: =SUM(C41:C47) -> 0 | D48: =SUM(D41:D47) -> 0 | E48: =SUM(B48:D48) -> 0 | F48: =SUM(F41:F47) -> 0 | G48: =SUM(G41:G47) -> 0 | H48: =SUM(H41:H47) -> 0 | I48: =SUM(I41:I47) -> 0 | J48: =SUM(J41:J47) -> 0 | K48: =SUM(K41:K47) -> 0 | L48: =SUM(L41:L47) -> 0 | M48: =SUM(M41:M47) -> 0
A49: 116年02月
A50: =工時記錄表!A50 -> 0 | E50: =SUM(B50:D50) -> 0 | F50: =ROUNDDOWN(E50*2/12,0) -> 0 | I50: =E50+G50+H50 -> 0 | J50: =工時記錄表!AI50 -> 0 | K50: =ROUNDDOWN(I50*J50,0) -> 0 | M50: =SUM(K50:L50) -> 0
A51: =工時記錄表!A51 -> 0 | E51: =SUM(B51:D51) -> 0 | F51: =ROUNDDOWN(E51*2/12,0) -> 0 | I51: =E51+G51+H51 -> 0 | J51: =工時記錄表!AI51 -> 0 | K51: =ROUNDDOWN(I51*J51,0) -> 0 | M51: =SUM(K51:L51) -> 0
A52: =工時記錄表!A52 -> 0 | E52: =SUM(B52:D52) -> 0 | F52: =ROUNDDOWN(E52*2/12,0) -> 0 | I52: =E52+G52+H52 -> 0 | J52: =工時記錄表!AI52 -> 0 | K52: =ROUNDDOWN(I52*J52,0) -> 0 | M52: =SUM(K52:L52) -> 0
A53: =工時記錄表!A53 -> 0 | E53: =SUM(B53:D53) -> 0 | F53: =ROUNDDOWN(E53*2/12,0) -> 0 | I53: =E53+G53+H53 -> 0 | J53: =工時記錄表!AI53 -> 0 | K53: =ROUNDDOWN(I53*J53,0) -> 0 | M53: =SUM(K53:L53) -> 0
A54: =工時記錄表!A54 -> 0 | E54: =SUM(B54:D54) -> 0 | F54: =ROUNDDOWN(E54*2/12,0) -> 0 | I54: =E54+G54+H54 -> 0 | J54: =工時記錄表!AI54 -> 0 | K54: =ROUNDDOWN(I54*J54,0) -> 0 | M54: =SUM(K54:L54) -> 0
A55: =工時記錄表!A55 -> 0 | E55: =SUM(B55:D55) -> 0 | F55: =ROUNDDOWN(E55*2/12,0) -> 0 | I55: =E55+G55+H55 -> 0 | J55: =工時記錄表!AI55 -> 0 | K55: =ROUNDDOWN(I55*J55,0) -> 0 | M55: =SUM(K55:L55) -> 0
A56: =工時記錄表!A56 -> 0 | E56: =SUM(B56:D56) -> 0 | F56: =ROUNDDOWN(E56*2/12,0) -> 0 | I56: =E56+G56+H56 -> 0 | J56: =工時記錄表!AI56 -> 0 | K56: =ROUNDDOWN(I56*J56,0) -> 0 | M56: =SUM(K56:L56) -> 0
A57: 小計 | B57: =SUM(B50:B56) -> 0 | C57: =SUM(C50:C56) -> 0 | D57: =SUM(D50:D56) -> 0 | E57: =SUM(B57:D57) -> 0 | F57: =SUM(F50:F56) -> 0 | G57: =SUM(G50:G56) -> 0 | H57: =SUM(H50:H56) -> 0 | I57: =SUM(I50:I56) -> 0 | J57: =SUM(J50:J56) -> 0 | K57: =SUM(K50:K56) -> 0 | L57: =SUM(L50:L56) -> 0 | M57: =SUM(M50:M56) -> 0
A58: 116年03月
A59: =工時記錄表!A59 -> 0 | E59: =SUM(B59:D59) -> 0 | F59: =ROUNDDOWN(E59*2/12,0) -> 0 | I59: =E59+G59+H59 -> 0 | J59: =工時記錄表!AI59 -> 0 | K59: =ROUNDDOWN(I59*J59,0) -> 0 | M59: =K59+L59 -> 0
A60: =工時記錄表!A60 -> 0 | E60: =SUM(B60:D60) -> 0 | F60: =ROUNDDOWN(E60*2/12,0) -> 0 | I60: =E60+G60+H60 -> 0 | J60: =工時記錄表!AI60 -> 0 | K60: =ROUNDDOWN(I60*J60,0) -> 0 | M60: =K60+L60 -> 0
A61: =工時記錄表!A61 -> 0 | E61: =SUM(B61:D61) -> 0 | F61: =ROUNDDOWN(E61*2/12,0) -> 0 | I61: =E61+G61+H61 -> 0 | J61: =工時記錄表!AI61 -> 0 | K61: =ROUNDDOWN(I61*J61,0) -> 0 | M61: =K61+L61 -> 0
A62: =工時記錄表!A62 -> 0 | E62: =SUM(B62:D62) -> 0 | F62: =ROUNDDOWN(E62*2/12,0) -> 0 | I62: =E62+G62+H62 -> 0 | J62: =工時記錄表!AI62 -> 0 | K62: =ROUNDDOWN(I62*J62,0) -> 0 | M62: =K62+L62 -> 0
A63: =工時記錄表!A63 -> 0 | E63: =SUM(B63:D63) -> 0 | F63: =ROUNDDOWN(E63*2/12,0) -> 0 | I63: =E63+G63+H63 -> 0 | J63: =工時記錄表!AI63 -> 0 | K63: =ROUNDDOWN(I63*J63,0) -> 0 | M63: =K63+L63 -> 0
A64: =工時記錄表!A64 -> 0 | E64: =SUM(B64:D64) -> 0 | F64: =ROUNDDOWN(E64*2/12,0) -> 0 | I64: =E64+G64+H64 -> 0 | J64: =工時記錄表!AI64 -> 0 | K64: =ROUNDDOWN(I64*J64,0) -> 0 | M64: =K64+L64 -> 0
A65: =工時記錄表!A65 -> 0 | E65: =SUM(B65:D65) -> 0 | F65: =ROUNDDOWN(E65*2/12,0) -> 0 | I65: =E65+G65+H65 -> 0 | J65: =工時記錄表!AI65 -> 0 | K65: =ROUNDDOWN(I65*J65,0) -> 0 | M65: =K65+L65 -> 0
A66: 小計 | B66: =SUM(B59:B65) -> 0 | C66: =SUM(C59:C65) -> 0 | D66: =SUM(D59:D65) -> 0 | E66: =SUM(B66:D66) -> 0 | F66: =SUM(F59:F65) -> 0 | G66: =SUM(G59:G65) -> 0 | H66: =SUM(H59:H65) -> 0 | I66: =SUM(I59:I65) -> 0 | J66: =SUM(J59:J65) -> 0 | K66: =SUM(K59:K65) -> 0 | L66: =SUM(L59:L65) -> 0 | M66: =SUM(M59:M65) -> 0
A67: 116年04月
A68: =工時記錄表!A68 -> 0 | E68: =SUM(B68:D68) -> 0 | F68: =ROUNDDOWN(E68*2/12,0) -> 0 | I68: =E68+G68+H68 -> 0 | J68: =工時記錄表!AI68 -> 0 | K68: =ROUNDDOWN(I68*J68,0) -> 0 | M68: =K68+L68 -> 0
A69: =工時記錄表!A69 -> 0 | E69: =SUM(B69:D69) -> 0 | F69: =ROUNDDOWN(E69*2/12,0) -> 0 | I69: =E69+G69+H69 -> 0 | J69: =工時記錄表!AI69 -> 0 | K69: =ROUNDDOWN(I69*J69,0) -> 0 | M69: =K69+L69 -> 0
A70: =工時記錄表!A70 -> 0 | E70: =SUM(B70:D70) -> 0 | F70: =ROUNDDOWN(E70*2/12,0) -> 0 | I70: =E70+G70+H70 -> 0 | J70: =工時記錄表!AI70 -> 0 | K70: =ROUNDDOWN(I70*J70,0) -> 0 | M70: =K70+L70 -> 0
A71: =工時記錄表!A71 -> 0 | E71: =SUM(B71:D71) -> 0 | F71: =ROUNDDOWN(E71*2/12,0) -> 0 | I71: =E71+G71+H71 -> 0 | J71: =工時記錄表!AI71 -> 0 | K71: =ROUNDDOWN(I71*J71,0) -> 0 | M71: =K71+L71 -> 0
A72: =工時記錄表!A72 -> 0 | E72: =SUM(B72:D72) -> 0 | F72: =ROUNDDOWN(E72*2/12,0) -> 0 | I72: =E72+G72+H72 -> 0 | J72: =工時記錄表!AI72 -> 0 | K72: =ROUNDDOWN(I72*J72,0) -> 0 | M72: =K72+L72 -> 0
A73: =工時記錄表!A73 -> 0 | E73: =SUM(B73:D73) -> 0 | F73: =ROUNDDOWN(E73*2/12,0) -> 0 | I73: =E73+G73+H73 -> 0 | J73: =工時記錄表!AI73 -> 0 | K73: =ROUNDDOWN(I73*J73,0) -> 0 | M73: =K73+L73 -> 0
A74: =工時記錄表!A74 -> 0 | E74: =SUM(B74:D74) -> 0 | F74: =ROUNDDOWN(E74*2/12,0) -> 0 | I74: =E74+G74+H74 -> 0 | J74: =工時記錄表!AI74 -> 0 | K74: =ROUNDDOWN(I74*J74,0) -> 0 | M74: =K74+L74 -> 0
A75: 小計 | B75: =SUM(B68:B74) -> 0 | C75: =SUM(C68:C74) -> 0 | D75: =SUM(D68:D74) -> 0 | E75: =SUM(B75:D75) -> 0 | F75: =SUM(F68:F74) -> 0 | G75: =SUM(G68:G74) -> 0 | H75: =SUM(H68:H74) -> 0 | I75: =SUM(I68:I74) -> 0 | J75: =SUM(J68:J74) -> 0 | K75: =SUM(K68:K74) -> 0 | L75: =SUM(L68:L74) -> 0 | M75: =SUM(M68:M74) -> 0
A76: 116年05月
A77: =工時記錄表!A77 -> 0 | E77: =SUM(B77:D77) -> 0 | F77: =ROUNDDOWN(E77*2/12,0) -> 0 | I77: =E77+G77+H77 -> 0 | J77: =工時記錄表!AI77 -> 0 | K77: =ROUNDDOWN(I77*J77,0) -> 0 | M77: =K77+L77 -> 0
A78: =工時記錄表!A78 -> 0 | E78: =SUM(B78:D78) -> 0 | F78: =ROUNDDOWN(E78*2/12,0) -> 0 | I78: =E78+G78+H78 -> 0 | J78: =工時記錄表!AI78 -> 0 | K78: =ROUNDDOWN(I78*J78,0) -> 0 | M78: =K78+L78 -> 0
A79: =工時記錄表!A79 -> 0 | E79: =SUM(B79:D79) -> 0 | F79: =ROUNDDOWN(E79*2/12,0) -> 0 | I79: =E79+G79+H79 -> 0 | J79: =工時記錄表!AI79 -> 0 | K79: =ROUNDDOWN(I79*J79,0) -> 0 | M79: =K79+L79 -> 0
A80: =工時記錄表!A80 -> 0 | E80: =SUM(B80:D80) -> 0 | F80: =ROUNDDOWN(E80*2/12,0) -> 0 | I80: =E80+G80+H80 -> 0 | J80: =工時記錄表!AI80 -> 0 | K80: =ROUNDDOWN(I80*J80,0) -> 0 | M80: =K80+L80 -> 0
A81: =工時記錄表!A81 -> 0 | E81: =SUM(B81:D81) -> 0 | F81: =ROUNDDOWN(E81*2/12,0) -> 0 | I81: =E81+G81+H81 -> 0 | J81: =工時記錄表!AI81 -> 0 | K81: =ROUNDDOWN(I81*J81,0) -> 0 | M81: =K81+L81 -> 0
A82: =工時記錄表!A82 -> 0 | E82: =SUM(B82:D82) -> 0 | F82: =ROUNDDOWN(E82*2/12,0) -> 0 | I82: =E82+G82+H82 -> 0 | J82: =工時記錄表!AI82 -> 0 | K82: =ROUNDDOWN(I82*J82,0) -> 0 | M82: =K82+L82 -> 0
A83: =工時記錄表!A83 -> 0 | E83: =SUM(B83:D83) -> 0 | F83: =ROUNDDOWN(E83*2/12,0) -> 0 | I83: =E83+G83+H83 -> 0 | J83: =工時記錄表!AI83 -> 0 | K83: =ROUNDDOWN(I83*J83,0) -> 0 | M83: =K83+L83 -> 0
A84: 小計 | B84: =SUM(B77:B83) -> 0 | C84: =SUM(C77:C83) -> 0 | D84: =SUM(D77:D83) -> 0 | E84: =SUM(B84:D84) -> 0 | F84: =SUM(F77:F83) -> 0 | G84: =SUM(G77:G83) -> 0 | H84: =SUM(H77:H83) -> 0 | I84: =SUM(I77:I83) -> 0 | J84: =SUM(J77:J83) -> 0 | K84: =SUM(K77:K83) -> 0 | L84: =SUM(L77:L83) -> 0 | M84: =SUM(M77:M83) -> 0
A85: 合 計 | B85: =B84+B75+B66+B57+B48+B39+B30+B21+B12 -> 0 | C85: =C84+C75+C66+C57+C48+C39+C30+C21+C12 -> 0 | D85: =D84+D75+D66+D57+D48+D39+D30+D21+D12 -> 0 | E85: =E84+E75+E66+E57+E48+E39+E30+E21+E12 -> 0 | F85: =F84+F75+F66+F57+F48+F39+F30+F21+F12 -> 0 | G85: =G84+G75+G66+G57+G48+G39+G30+G21+G12 -> 0 | H85: =H84+H75+H66+H57+H48+H39+H30+H21+H12 -> 0 | I85: =I84+I75+I66+I57+I48+I39+I30+I21+I12 -> 0 | ... L85: =L84+L75+L66+L57+L48+L39+L30+L21+L12 -> 0 | M85: =SUM(M5:M84)/2 -> 0
A87: 備註 | I87: =IF(SUM(I5:I84)/2=I85,"","填寫有誤") | J87: =IF(SUM(J5:J84)/2=J85,"","填寫有誤") | K87: =IF(SUM(K5:K84)/2=K85,"","填寫有誤") | L87: =IF(SUM(L5:L84)/2=L85,"","填寫有誤") | M87: =IF(SUM(M5:M84)/2=M85,"","填寫有誤")
A88: 1、 | B88: 投入比率應與工時記錄表合計當月份一致。每月投入比率以1為上限。 | J88: =IF(J85-工時記錄表!AI85=0,"","與工時記錄表不相符")
A89: 2、 | B89: 獎金如按月預估提列方式，提列數大於實際發放金額、人員離職，請自行調整扣除。
A90: 3、 | B90: 其他費用限伙食津貼及固定交通津貼支付給研發人員之薪資。
A91: 4、 | B91: 帳務查核時應備妥下列文件：
B92: ①工時記錄及工作記錄簿。
B93: ②勞保投保文件、加班記錄(應敘明加班日期、時數及加班內容)。
B94: ③證明支付薪資金額之文件，包括：（1）薪資清冊；（2）銀行轉帳記錄或印領清冊；（3）薪資扣繳憑單。
B95: ④薪資入帳傳票。
B96: ⑤薪資結構、加班費之計算發放、內部作業流程與人事管理辦法等之書面說明。
E100: ①②③④⑤⑥⑦⑧

Sheet 工時記錄表
A1: 工時記錄表
A2: =計畫經費彙總表!A6 -> 公司名稱：
A3: 姓名 | B3: 1 | C3: 2 | D3: 3 | E3: 4 | F3: 5 | G3: 6 | H3: 7 | I3: 8 | J3: 9 | K3: 10 | L3: 11 | M3: 12 | N3: 13 | O3: 14 | P3: 15 | Q3: 16 | R3: 17 | S3: 18 | T3: 19 | U3: 20 | V3: 21 | W3: 22 | X3: 23 | Y3: 24 | Z3: 25 | AA3: 26 | AB3: 27 | AC3: 28 | AD3: 29 | AE3: 30 | AF3: 31 | AG3: 合計 | AH3: 當月正常上班總時數 | AI3: 投入 比率 | AJ3: 簽名欄 (親簽)
A4: 115年09月
AG5: =SUM(B5:AF5) -> 0 | AI5: =IF(AND(AG5>0,AH5>0),IF((AG5/AH5)>1,1,(ROUNDDOWN(AG5/AH5,2))),0) -> 0
AG6: =SUM(B6:AF6) -> 0 | AI6: =IF(AND(AG6>0,AH6>0),IF((AG6/AH6)>1,1,(ROUNDDOWN(AG6/AH6,2))),0) -> 0
AG7: =SUM(B7:AF7) -> 0 | AI7: =IF(AND(AG7>0,AH7>0),IF((AG7/AH7)>1,1,(ROUNDDOWN(AG7/AH7,2))),0) -> 0
AG8: =SUM(B8:AF8) -> 0 | AI8: =IF(AND(AG8>0,AH8>0),IF((AG8/AH8)>1,1,(ROUNDDOWN(AG8/AH8,2))),0) -> 0
AG9: =SUM(B9:AF9) -> 0 | AI9: =IF(AND(AG9>0,AH9>0),IF((AG9/AH9)>1,1,(ROUNDDOWN(AG9/AH9,2))),0) -> 0
AG10: =SUM(B10:AF10) -> 0 | AI10: =IF(AND(AG10>0,AH10>0),IF((AG10/AH10)>1,1,(ROUNDDOWN(AG10/AH10,2))),0) -> 0
AG11: =SUM(B11:AF11) -> 0 | AI11: =IF(AND(AG11>0,AH11>0),IF((AG11/AH11)>1,1,(ROUNDDOWN(AG11/AH11,2))),0) -> 0
A12: 小計 | B12: =SUM(B5:B11) -> 0 | C12: =SUM(C5:C11) -> 0 | D12: =SUM(D5:D11) -> 0 | E12: =SUM(E5:E11) -> 0 | F12: =SUM(F5:F11) -> 0 | G12: =SUM(G5:G11) -> 0 | H12: =SUM(H5:H11) -> 0 | I12: =SUM(I5:I11) -> 0 | ... AG12: =SUM(AG5:AG11) -> 0 | AI12: =SUM(AI5:AI11) -> 0
A13: 115年10月
AG14: =SUM(B14:AF14) -> 0 | AI14: =IF(AND(AG14>0,AH14>0),IF((AG14/AH14)>1,1,(ROUNDDOWN(AG14/AH14,2))),0) -> 0
AG15: =SUM(B15:AF15) -> 0 | AI15: =IF(AND(AG15>0,AH15>0),IF((AG15/AH15)>1,1,(ROUNDDOWN(AG15/AH15,2))),0) -> 0
AG16: =SUM(B16:AF16) -> 0 | AI16: =IF(AND(AG16>0,AH16>0),IF((AG16/AH16)>1,1,(ROUNDDOWN(AG16/AH16,2))),0) -> 0
AG17: =SUM(B17:AF17) -> 0 | AI17: =IF(AND(AG17>0,AH17>0),IF((AG17/AH17)>1,1,(ROUNDDOWN(AG17/AH17,2))),0) -> 0
AG18: =SUM(B18:AF18) -> 0 | AI18: =IF(AND(AG18>0,AH18>0),IF((AG18/AH18)>1,1,(ROUNDDOWN(AG18/AH18,2))),0) -> 0
AG19: =SUM(B19:AF19) -> 0 | AI19: =IF(AND(AG19>0,AH19>0),IF((AG19/AH19)>1,1,(ROUNDDOWN(AG19/AH19,2))),0) -> 0
AG20: =SUM(B20:AF20) -> 0 | AI20: =IF(AND(AG20>0,AH20>0),IF((AG20/AH20)>1,1,(ROUNDDOWN(AG20/AH20,2))),0) -> 0
A21: 小計 | B21: =SUM(B14:B20) -> 0 | C21: =SUM(C14:C20) -> 0 | D21: =SUM(D14:D20) -> 0 | E21: =SUM(E14:E20) -> 0 | F21: =SUM(F14:F20) -> 0 | G21: =SUM(G14:G20) -> 0 | H21: =SUM(H14:H20) -> 0 | I21: =SUM(I14:I20) -> 0 | ... AG21: =SUM(AG14:AG20) -> 0 | AI21: =SUM(AI14:AI20) -> 0
A22: 115年11月
AG23: =SUM(B23:AF23) -> 0 | AI23: =IF(AND(AG23>0,AH23>0),IF((AG23/AH23)>1,1,(ROUNDDOWN(AG23/AH23,2))),0) -> 0
AG24: =SUM(B24:AF24) -> 0 | AI24: =IF(AND(AG24>0,AH24>0),IF((AG24/AH24)>1,1,(ROUNDDOWN(AG24/AH24,2))),0) -> 0
AG25: =SUM(B25:AF25) -> 0 | AI25: =IF(AND(AG25>0,AH25>0),IF((AG25/AH25)>1,1,(ROUNDDOWN(AG25/AH25,2))),0) -> 0
AG26: =SUM(B26:AF26) -> 0 | AI26: =IF(AND(AG26>0,AH26>0),IF((AG26/AH26)>1,1,(ROUNDDOWN(AG26/AH26,2))),0) -> 0
AG27: =SUM(B27:AF27) -> 0 | AI27: =IF(AND(AG27>0,AH27>0),IF((AG27/AH27)>1,1,(ROUNDDOWN(AG27/AH27,2))),0) -> 0
AG28: =SUM(B28:AF28) -> 0 | AI28: =IF(AND(AG28>0,AH28>0),IF((AG28/AH28)>1,1,(ROUNDDOWN(AG28/AH28,2))),0) -> 0
AG29: =SUM(B29:AF29) -> 0 | AI29: =IF(AND(AG29>0,AH29>0),IF((AG29/AH29)>1,1,(ROUNDDOWN(AG29/AH29,2))),0) -> 0
A30: 小計 | B30: =SUM(B23:B29) -> 0 | C30: =SUM(C23:C29) -> 0 | D30: =SUM(D23:D29) -> 0 | E30: =SUM(E23:E29) -> 0 | F30: =SUM(F23:F29) -> 0 | G30: =SUM(G23:G29) -> 0 | H30: =SUM(H23:H29) -> 0 | I30: =SUM(I23:I29) -> 0 | ... AG30: =SUM(AG23:AG29) -> 0 | AI30: =SUM(AI23:AI29) -> 0
A31: 115年12月
AG32: =SUM(B32:AF32) -> 0 | AI32: =IF(AND(AG32>0,AH32>0),IF((AG32/AH32)>1,1,(ROUNDDOWN(AG32/AH32,2))),0) -> 0
AG33: =SUM(B33:AF33) -> 0 | AI33: =IF(AND(AG33>0,AH33>0),IF((AG33/AH33)>1,1,(ROUNDDOWN(AG33/AH33,2))),0) -> 0
AG34: =SUM(B34:AF34) -> 0 | AI34: =IF(AND(AG34>0,AH34>0),IF((AG34/AH34)>1,1,(ROUNDDOWN(AG34/AH34,2))),0) -> 0
AG35: =SUM(B35:AF35) -> 0 | AI35: =IF(AND(AG35>0,AH35>0),IF((AG35/AH35)>1,1,(ROUNDDOWN(AG35/AH35,2))),0) -> 0
AG36: =SUM(B36:AF36) -> 0 | AI36: =IF(AND(AG36>0,AH36>0),IF((AG36/AH36)>1,1,(ROUNDDOWN(AG36/AH36,2))),0) -> 0
AG37: =SUM(B37:AF37) -> 0 | AI37: =IF(AND(AG37>0,AH37>0),IF((AG37/AH37)>1,1,(ROUNDDOWN(AG37/AH37,2))),0) -> 0
AG38: =SUM(B38:AF38) -> 0 | AI38: =IF(AND(AG38>0,AH38>0),IF((AG38/AH38)>1,1,(ROUNDDOWN(AG38/AH38,2))),0) -> 0
A39: 小計 | B39: =SUM(B32:B38) -> 0 | C39: =SUM(C32:C38) -> 0 | D39: =SUM(D32:D38) -> 0 | E39: =SUM(E32:E38) -> 0 | F39: =SUM(F32:F38) -> 0 | G39: =SUM(G32:G38) -> 0 | H39: =SUM(H32:H38) -> 0 | I39: =SUM(I32:I38) -> 0 | ... AG39: =SUM(AG32:AG38) -> 0 | AI39: =SUM(AI32:AI38) -> 0
A40: 116年01月
AG41: =SUM(B41:AF41) -> 0 | AI41: =IF(AND(AG41>0,AH41>0),IF((AG41/AH41)>1,1,(ROUNDDOWN(AG41/AH41,2))),0) -> 0
AG42: =SUM(B42:AF42) -> 0 | AI42: =IF(AND(AG42>0,AH42>0),IF((AG42/AH42)>1,1,(ROUNDDOWN(AG42/AH42,2))),0) -> 0
AG43: =SUM(B43:AF43) -> 0 | AI43: =IF(AND(AG43>0,AH43>0),IF((AG43/AH43)>1,1,(ROUNDDOWN(AG43/AH43,2))),0) -> 0
AG44: =SUM(B44:AF44) -> 0 | AI44: =IF(AND(AG44>0,AH44>0),IF((AG44/AH44)>1,1,(ROUNDDOWN(AG44/AH44,2))),0) -> 0
AG45: =SUM(B45:AF45) -> 0 | AI45: =IF(AND(AG45>0,AH45>0),IF((AG45/AH45)>1,1,(ROUNDDOWN(AG45/AH45,2))),0) -> 0
AG46: =SUM(B46:AF46) -> 0 | AI46: =IF(AND(AG46>0,AH46>0),IF((AG46/AH46)>1,1,(ROUNDDOWN(AG46/AH46,2))),0) -> 0
AG47: =SUM(B47:AF47) -> 0 | AI47: =IF(AND(AG47>0,AH47>0),IF((AG47/AH47)>1,1,(ROUNDDOWN(AG47/AH47,2))),0) -> 0
A48: 小計 | B48: =SUM(B41:B47) -> 0 | C48: =SUM(C41:C47) -> 0 | D48: =SUM(D41:D47) -> 0 | E48: =SUM(E41:E47) -> 0 | F48: =SUM(F41:F47) -> 0 | G48: =SUM(G41:G47) -> 0 | H48: =SUM(H41:H47) -> 0 | I48: =SUM(I41:I47) -> 0 | ... AG48: =SUM(AG41:AG47) -> 0 | AI48: =SUM(AI41:AI47) -> 0
A49: 116年02月
AG50: =SUM(B50:AF50) -> 0 | AI50: =IF(AND(AG50>0,AH50>0),IF((AG50/AH50)>1,1,(ROUNDDOWN(AG50/AH50,2))),0) -> 0
AG51: =SUM(B51:AF51) -> 0 | AI51: =IF(AND(AG51>0,AH51>0),IF((AG51/AH51)>1,1,(ROUNDDOWN(AG51/AH51,2))),0) -> 0
AG52: =SUM(B52:AF52) -> 0 | AI52: =IF(AND(AG52>0,AH52>0),IF((AG52/AH52)>1,1,(ROUNDDOWN(AG52/AH52,2))),0) -> 0
AG53: =SUM(B53:AF53) -> 0 | AI53: =IF(AND(AG53>0,AH53>0),IF((AG53/AH53)>1,1,(ROUNDDOWN(AG53/AH53,2))),0) -> 0
AG54: =SUM(B54:AF54) -> 0 | AI54: =IF(AND(AG54>0,AH54>0),IF((AG54/AH54)>1,1,(ROUNDDOWN(AG54/AH54,2))),0) -> 0
AG55: =SUM(B55:AF55) -> 0 | AI55: =IF(AND(AG55>0,AH55>0),IF((AG55/AH55)>1,1,(ROUNDDOWN(AG55/AH55,2))),0) -> 0
AG56: =SUM(B56:AF56) -> 0 | AI56: =IF(AND(AG56>0,AH56>0),IF((AG56/AH56)>1,1,(ROUNDDOWN(AG56/AH56,2))),0) -> 0
A57: 小計 | B57: =SUM(B50:B56) -> 0 | C57: =SUM(C50:C56) -> 0 | D57: =SUM(D50:D56) -> 0 | E57: =SUM(E50:E56) -> 0 | F57: =SUM(F50:F56) -> 0 | G57: =SUM(G50:G56) -> 0 | H57: =SUM(H50:H56) -> 0 | I57: =SUM(I50:I56) -> 0 | ... AG57: =SUM(AG50:AG56) -> 0 | AI57: =SUM(AI50:AI56) -> 0
A58: 116年03月
AG59: =SUM(B59:AF59) -> 0 | AI59: =IF(AND(AG59>0,AH59>0),IF((AG59/AH59)>1,1,(ROUNDDOWN(AG59/AH59,2))),0) -> 0
AG60: =SUM(B60:AF60) -> 0 | AI60: =IF(AND(AG60>0,AH60>0),IF((AG60/AH60)>1,1,(ROUNDDOWN(AG60/AH60,2))),0) -> 0
AG61: =SUM(B61:AF61) -> 0 | AI61: =IF(AND(AG61>0,AH61>0),IF((AG61/AH61)>1,1,(ROUNDDOWN(AG61/AH61,2))),0) -> 0
AG62: =SUM(B62:AF62) -> 0 | AI62: =IF(AND(AG62>0,AH62>0),IF((AG62/AH62)>1,1,(ROUNDDOWN(AG62/AH62,2))),0) -> 0
AG63: =SUM(B63:AF63) -> 0 | AI63: =IF(AND(AG63>0,AH63>0),IF((AG63/AH63)>1,1,(ROUNDDOWN(AG63/AH63,2))),0) -> 0
AG64: =SUM(B64:AF64) -> 0 | AI64: =IF(AND(AG64>0,AH64>0),IF((AG64/AH64)>1,1,(ROUNDDOWN(AG64/AH64,2))),0) -> 0
AG65: =SUM(B65:AF65) -> 0 | AI65: =IF(AND(AG65>0,AH65>0),IF((AG65/AH65)>1,1,(ROUNDDOWN(AG65/AH65,2))),0) -> 0
A66: 小計 | B66: =SUM(B59:B65) -> 0 | C66: =SUM(C59:C65) -> 0 | D66: =SUM(D59:D65) -> 0 | E66: =SUM(E59:E65) -> 0 | F66: =SUM(F59:F65) -> 0 | G66: =SUM(G59:G65) -> 0 | H66: =SUM(H59:H65) -> 0 | I66: =SUM(I59:I65) -> 0 | ... AG66: =SUM(AG59:AG65) -> 0 | AI66: =SUM(AI59:AI65) -> 0
A67: 116年04月
AG68: =SUM(B68:AF68) -> 0 | AI68: =IF(AND(AG68>0,AH68>0),IF((AG68/AH68)>1,1,(ROUNDDOWN(AG68/AH68,2))),0) -> 0
AG69: =SUM(B69:AF69) -> 0 | AI69: =IF(AND(AG69>0,AH69>0),IF((AG69/AH69)>1,1,(ROUNDDOWN(AG69/AH69,2))),0) -> 0
AG70: =SUM(B70:AF70) -> 0 | AI70: =IF(AND(AG70>0,AH70>0),IF((AG70/AH70)>1,1,(ROUNDDOWN(AG70/AH70,2))),0) -> 0
AG71: =SUM(B71:AF71) -> 0 | AI71: =IF(AND(AG71>0,AH71>0),IF((AG71/AH71)>1,1,(ROUNDDOWN(AG71/AH71,2))),0) -> 0
AG72: =SUM(B72:AF72) -> 0 | AI72: =IF(AND(AG72>0,AH72>0),IF((AG72/AH72)>1,1,(ROUNDDOWN(AG72/AH72,2))),0) -> 0
AG73: =SUM(B73:AF73) -> 0 | AI73: =IF(AND(AG73>0,AH73>0),IF((AG73/AH73)>1,1,(ROUNDDOWN(AG73/AH73,2))),0) -> 0
AG74: =SUM(B74:AF74) -> 0 | AI74: =IF(AND(AG74>0,AH74>0),IF((AG74/AH74)>1,1,(ROUNDDOWN(AG74/AH74,2))),0) -> 0
A75: 小計 | B75: =SUM(B68:B74) -> 0 | C75: =SUM(C68:C74) -> 0 | D75: =SUM(D68:D74) -> 0 | E75: =SUM(E68:E74) -> 0 | F75: =SUM(F68:F74) -> 0 | G75: =SUM(G68:G74) -> 0 | H75: =SUM(H68:H74) -> 0 | I75: =SUM(I68:I74) -> 0 | ... AG75: =SUM(AG68:AG74) -> 0 | AI75: =SUM(AI68:AI74) -> 0
A76: 116年05月
AG77: =SUM(B77:AF77) -> 0 | AI77: =IF(AND(AG77>0,AH77>0),IF((AG77/AH77)>1,1,(ROUNDDOWN(AG77/AH77,2))),0) -> 0
AG78: =SUM(B78:AF78) -> 0 | AI78: =IF(AND(AG78>0,AH78>0),IF((AG78/AH78)>1,1,(ROUNDDOWN(AG78/AH78,2))),0) -> 0
AG79: =SUM(B79:AF79) -> 0 | AI79: =IF(AND(AG79>0,AH79>0),IF((AG79/AH79)>1,1,(ROUNDDOWN(AG79/AH79,2))),0) -> 0
AG80: =SUM(B80:AF80) -> 0 | AI80: =IF(AND(AG80>0,AH80>0),IF((AG80/AH80)>1,1,(ROUNDDOWN(AG80/AH80,2))),0) -> 0
AG81: =SUM(B81:AF81) -> 0 | AI81: =IF(AND(AG81>0,AH81>0),IF((AG81/AH81)>1,1,(ROUNDDOWN(AG81/AH81,2))),0) -> 0
AG82: =SUM(B82:AF82) -> 0 | AI82: =IF(AND(AG82>0,AH82>0),IF((AG82/AH82)>1,1,(ROUNDDOWN(AG82/AH82,2))),0) -> 0
AG83: =SUM(B83:AF83) -> 0 | AI83: =IF(AND(AG83>0,AH83>0),IF((AG83/AH83)>1,1,(ROUNDDOWN(AG83/AH83,2))),0) -> 0
A84: 小計 | B84: =SUM(B77:B83) -> 0 | C84: =SUM(C77:C83) -> 0 | D84: =SUM(D77:D83) -> 0 | E84: =SUM(E77:E83) -> 0 | F84: =SUM(F77:F83) -> 0 | G84: =SUM(G77:G83) -> 0 | H84: =SUM(H77:H83) -> 0 | I84: =SUM(I77:I83) -> 0 | ... AG84: =SUM(AG77:AG83) -> 0 | AI84: =SUM(AI77:AI83) -> 0
A85: 合計 | B85: =B84+B75+B66+B57+B48+B39+B30+B21+B12 -> 0 | C85: =C84+C75+C66+C57+C48+C39+C30+C21+C12 -> 0 | D85: =D84+D75+D66+D57+D48+D39+D30+D21+D12 -> 0 | E85: =E84+E75+E66+E57+E48+E39+E30+E21+E12 -> 0 | F85: =F84+F75+F66+F57+F48+F39+F30+F21+F12 -> 0 | G85: =G84+G75+G66+G57+G48+G39+G30+G21+G12 -> 0 | H85: =H84+H75+H66+H57+H48+H39+H30+H21+H12 -> 0 | I85: =I84+I75+I66+I57+I48+I39+I30+I21+I12 -> 0 | ... AG85: =AG84+AG75+AG66+AG57+AG48+AG39+AG30+AG21+AG12 -> 0 | AI85: =AI84+AI75+AI66+AI57+AI48+AI39+AI30+AI21+AI12 -> 0
A87: 備註
A88: 1、 | B88: 請假不論事由，請假時數均不得列入投入工時計算。 | AG88: =IF(SUM(AG5:AG84)/2=AG85,"","填寫有誤") | AI88: =IF(SUM(AI5:AI84)/2=AI85,"","填寫有誤")
A89: 2、 | B89: 公司加班如另發加班費則上表所統計之工時不含加班時數；如採補休方式則加班時數應計入，補休時則視同請假處理。
A90: 3、 | B90: 每月投入比率最高為1.00。
A91: 4、 | B91: 填表時人員請按計畫主持人、研究員、副研究員、助理研究員、研究助理員依序排列。
A92: 5、 | B92: 請專職研究人員確認工時記錄後於簽名欄位簽名

Sheet 顧問費
A1: 顧問費
A2: =計畫經費彙總表!A6 -> 公司名稱： | K2: 金額單位:元
A3: 姓名 | B3: 115年09月 | C3: 115年10月 | D3: 115年11月 | E3: 115年12月 | F3: 116年01月 | G3: 116年02月 | H3: 116年03月 | I3: 116年04月 | J3: 116年05月 | K3: 合 計
A4: 1.蔡○○ | K4: =SUM(B4:J4) -> 0
A5: 2.楊○○ | K5: =SUM(B5:J5) -> 0
K6: =SUM(B6:J6) -> 0
K7: =SUM(B7:J7) -> 0
A8: 合 計 | B8: =SUM(B4:B7) -> 0 | C8: =SUM(C4:C7) -> 0 | D8: =SUM(D4:D7) -> 0 | E8: =SUM(E4:E7) -> 0 | F8: =SUM(F4:F7) -> 0 | G8: =SUM(G4:G7) -> 0 | H8: =SUM(H4:H7) -> 0 | I8: =SUM(I4:I7) -> 0 | J8: =SUM(J4:J7) -> 0 | K8: =SUM(B8:J8) -> 0
A10: 備註:
A11: 1、 | B11: 帳務查核時應備妥下列文件：
B12: ①領款收據（應書明受領事由、受領人名、地址、身份證字號，由受領人簽名或蓋章）
B13: ②支票存根、銀行轉帳記錄、匯款單。
B14: ③入帳傳票。
B15: ④顧問任職單位同意函。
B16: ⑤顧問115年度勞務所得扣繳憑單，或116年度所得扣繳申報切結聲明書。

Sheet 消耗性器材及原材料費
A1: 消耗性器材及原材料費
A2: =計畫經費彙總表!A6 -> 公司名稱： | L2: 金額單位:元
A3: 支付日期 | B3: 傳票號碼 | C3: 發票、收據(領料)日期 | D3: 發票、收據(領料)號碼 | E3: 供應商 | F3: 發票所列品名 | G3: 對照計畫書所列項目 | H3: 數量 | I3: 單位 | J3: 單價 (不含稅) | K3: 金額 (不含稅) | L3: 付款方式
A4: 115年09月
K5: =ROUNDDOWN(H5*J5,0) -> 0
K6: =ROUNDDOWN(H6*J6,0) -> 0
K7: =ROUNDDOWN(H7*J7,0) -> 0
K8: =ROUNDDOWN(H8*J8,0) -> 0
K9: =ROUNDDOWN(H9*J9,0) -> 0
A10: 小計 | K10: =SUM(K5:K9) -> 0
A11: 115年10月
K12: =ROUNDDOWN(H12*J12,0) -> 0
K13: =ROUNDDOWN(H13*J13,0) -> 0
K14: =ROUNDDOWN(H14*J14,0) -> 0
K15: =ROUNDDOWN(H15*J15,0) -> 0
K16: =ROUNDDOWN(H16*J16,0) -> 0
A17: 小計 | K17: =SUM(K12:K16) -> 0
A18: 115年11月
K19: =ROUNDDOWN(H19*J19,0) -> 0
K20: =ROUNDDOWN(H20*J20,0) -> 0
K21: =ROUNDDOWN(H21*J21,0) -> 0
K22: =ROUNDDOWN(H22*J22,0) -> 0
K23: =ROUNDDOWN(H23*J23,0) -> 0
A24: 小計 | K24: =SUM(K19:K23) -> 0
A25: 115年12月
K26: =ROUNDDOWN(H26*J26,0) -> 0
K27: =ROUNDDOWN(H27*J27,0) -> 0
K28: =ROUNDDOWN(H28*J28,0) -> 0
K29: =ROUNDDOWN(H29*J29,0) -> 0
K30: =ROUNDDOWN(H30*J30,0) -> 0
A31: 小計 | K31: =SUM(K26:K30) -> 0
A32: 116年01月
K33: =ROUNDDOWN(H33*J33,0) -> 0
K34: =ROUNDDOWN(H34*J34,0) -> 0
K35: =ROUNDDOWN(H35*J35,0) -> 0
K36: =ROUNDDOWN(H36*J36,0) -> 0
K37: =ROUNDDOWN(H37*J37,0) -> 0
A38: 小計 | K38: =SUM(K33:K37) -> 0
A39: 116年02月
K40: =ROUNDDOWN(H40*J40,0) -> 0
K41: =ROUNDDOWN(H41*J41,0) -> 0
K42: =ROUNDDOWN(H42*J42,0) -> 0
K43: =ROUNDDOWN(H43*J43,0) -> 0
K44: =ROUNDDOWN(H44*J44,0) -> 0
A45: 小計 | K45: =SUM(K40:K44) -> 0
A46: 116年03月
K47: =ROUNDDOWN(H47*J47,0) -> 0
K48: =ROUNDDOWN(H48*J48,0) -> 0
K49: =ROUNDDOWN(H49*J49,0) -> 0
K50: =ROUNDDOWN(H50*J50,0) -> 0
K51: =ROUNDDOWN(H51*J51,0) -> 0
A52: 小計 | K52: =SUM(K47:K51) -> 0
A53: 116年04月
K54: =ROUNDDOWN(H54*J54,0) -> 0
K55: =ROUNDDOWN(H55*J55,0) -> 0
K56: =ROUNDDOWN(H56*J56,0) -> 0
K57: =ROUNDDOWN(H57*J57,0) -> 0
K58: =ROUNDDOWN(H58*J58,0) -> 0
A59: 小計 | K59: =SUM(K54:K58) -> 0
A60: 116年05月
K61: =ROUNDDOWN(H61*J61,0) -> 0
K62: =ROUNDDOWN(H62*J62,0) -> 0
K63: =ROUNDDOWN(H63*J63,0) -> 0
K64: =ROUNDDOWN(H64*J64,0) -> 0
K65: =ROUNDDOWN(H65*J65,0) -> 0
A66: 小計 | K66: =SUM(K61:K65) -> 0
A67: 合 計 | K67: =K66+K59+K52+K45+K38+K31+K24+K17+K10 -> 0
A70: 備註
A71: 1、 | B71: 「對照計畫書所列項目」需與計畫書所列之材料項目一致。 | K71: =IF(SUM(K5:K66)/2=K67,"","填寫有誤")
A72: 2、 | B72: 「品名」請依發票填寫所列項目。
A73: 3、 | B73: 如屬公司共通性材料領用，發票日期、發票號碼請改填寫領料單日期、領料單號碼、供應商及付款憑證欄則可空白。
A74: 4、 | B74: 營業稅不得報支。
A75: 5、 | B75: 「付款方式」欄位請填寫支票號碼﹐若以匯款或現金方式支付請註明「yyy.mm.dd匯款」、「yyy.mm.dd付現」，應於計畫執行結束後一個月內完成支付(支票兌現)。
A76: 6、 | B76: 帳務查核時應備妥下列文件：
B77: ①統一發票或收據、進口報單、國外INVOICE、請購單、採購單、驗收單及付款憑證（如水單、信用狀、 匯款單、付款支票、銀行對帳單、零用金支付清單等）。
B78: ②自共通性器材領料應提供：原採購之支出憑證影本、領料單、材料明細帳或分攤表
B79: ③涉及外幣支付時應附當時之外幣匯率表
B80: ④入帳傳票。

Sheet 研發設備使用費
B1: 研發設備使用費(1)---已有設備
B2: =計畫經費彙總表!A6 -> 公司名稱： | L2: 金額單位:元
B3: 財產編號 | C3: 設備名稱 | D3: 對照計畫書所列項目 | E3: 取得日期 | F3: 購入成本 (單套) | G3: 套數 A1 | H3: 投入時 單套帳面價值 （未折減餘額） A2 | I3: 剩餘使用月數 A3 | J3: 每月攤提使用費 A4=A1×A2÷A3 (詳如註3) | K3: 本期投入比率 A5 | L3: 本期使用費 A6=A4*A5
B4: 115年09月
J5: =IF(I5=0,0,ROUND(G5*H5/I5,0)) -> 0 | K5: =研發設備使用記錄表!AK5 -> 0 | L5: =ROUNDDOWN(J5*K5,0) -> 0
J6: =IF(I6=0,0,ROUND(G6*H6/I6,0)) -> 0 | K6: =研發設備使用記錄表!AK6 -> 0 | L6: =ROUNDDOWN(J6*K6,0) -> 0
J7: =IF(I7=0,0,ROUND(G7*H7/I7,0)) -> 0 | K7: =研發設備使用記錄表!AK7 -> 0 | L7: =ROUNDDOWN(J7*K7,0) -> 0
B8: 小計 | J8: =SUM(J5:J7) -> 0 | K8: =SUM(K5:K7) -> 0 | L8: =SUM(L5:L7) -> 0
B9: 115年10月
J10: =IF(I10=0,0,ROUND(G10*H10/I10,0)) -> 0 | K10: =研發設備使用記錄表!AK9 -> 0 | L10: =ROUNDDOWN(J10*K10,0) -> 0
J11: =IF(I11=0,0,ROUND(G11*H11/I11,0)) -> 0 | K11: =研發設備使用記錄表!AK10 -> 0 | L11: =ROUNDDOWN(J11*K11,0) -> 0
J12: =IF(I12=0,0,ROUND(G12*H12/I12,0)) -> 0 | K12: =研發設備使用記錄表!AK11 -> 0 | L12: =ROUNDDOWN(J12*K12,0) -> 0
B13: 小計 | J13: =SUM(J10:J12) -> 0 | K13: =SUM(K10:K12) -> 0 | L13: =SUM(L10:L12) -> 0
B14: 115年11月
J15: =IF(I15=0,0,ROUND(G15*H15/I15,0)) -> 0 | K15: =研發設備使用記錄表!AK13 -> 0 | L15: =ROUNDDOWN(J15*K15,0) -> 0
J16: =IF(I16=0,0,ROUND(G16*H16/I16,0)) -> 0 | K16: =研發設備使用記錄表!AK14 -> 0 | L16: =ROUNDDOWN(J16*K16,0) -> 0
J17: =IF(I17=0,0,ROUND(G17*H17/I17,0)) -> 0 | K17: =研發設備使用記錄表!AK15 -> 0 | L17: =ROUNDDOWN(J17*K17,0) -> 0
B18: 小計 | J18: =SUM(J15:J17) -> 0 | K18: =SUM(K15:K17) -> 0 | L18: =SUM(L15:L17) -> 0
B19: 115年12月
J20: =IF(I20=0,0,ROUND(G20*H20/I20,0)) -> 0 | K20: =研發設備使用記錄表!AK17 -> 0 | L20: =ROUNDDOWN(J20*K20,0) -> 0
J21: =IF(I21=0,0,ROUND(G21*H21/I21,0)) -> 0 | K21: =研發設備使用記錄表!AK18 -> 0 | L21: =ROUNDDOWN(J21*K21,0) -> 0
J22: =IF(I22=0,0,ROUND(G22*H22/I22,0)) -> 0 | K22: =研發設備使用記錄表!AK19 -> 0 | L22: =ROUNDDOWN(J22*K22,0) -> 0
B23: 小計 | J23: =SUM(J20:J22) -> 0 | K23: =SUM(K20:K22) -> 0 | L23: =SUM(L20:L22) -> 0
B24: 116年01月
J25: =IF(I25=0,0,ROUND(G25*H25/I25,0)) -> 0 | K25: =研發設備使用記錄表!AK21 -> 0 | L25: =ROUNDDOWN(J25*K25,0) -> 0
J26: =IF(I26=0,0,ROUND(G26*H26/I26,0)) -> 0 | K26: =研發設備使用記錄表!AK22 -> 0 | L26: =ROUNDDOWN(J26*K26,0) -> 0
J27: =IF(I27=0,0,ROUND(G27*H27/I27,0)) -> 0 | K27: =研發設備使用記錄表!AK23 -> 0 | L27: =ROUNDDOWN(J27*K27,0) -> 0
B28: 小計 | J28: =SUM(J25:J27) -> 0 | K28: =SUM(K25:K27) -> 0 | L28: =SUM(L25:L27) -> 0
B29: 116年02月
J30: =IF(I30=0,0,ROUND(G30*H30/I30,0)) -> 0 | K30: =研發設備使用記錄表!AK25 -> 0 | L30: =ROUNDDOWN(J30*K30,0) -> 0
J31: =IF(I31=0,0,ROUND(G31*H31/I31,0)) -> 0 | K31: =研發設備使用記錄表!AK26 -> 0 | L31: =ROUNDDOWN(J31*K31,0) -> 0
J32: =IF(I32=0,0,ROUND(G32*H32/I32,0)) -> 0 | K32: =研發設備使用記錄表!AK27 -> 0 | L32: =ROUNDDOWN(J32*K32,0) -> 0
B33: 小計 | J33: =SUM(J30:J32) -> 0 | K33: =SUM(K30:K32) -> 0 | L33: =SUM(L30:L32) -> 0
B34: 116年03月
J35: =IF(I35=0,0,ROUND(G35*H35/I35,0)) -> 0 | K35: =研發設備使用記錄表!AK29 -> 0 | L35: =ROUNDDOWN(J35*K35,0) -> 0
J36: =IF(I36=0,0,ROUND(G36*H36/I36,0)) -> 0 | K36: =研發設備使用記錄表!AK30 -> 0 | L36: =ROUNDDOWN(J36*K36,0) -> 0
J37: =IF(I37=0,0,ROUND(G37*H37/I37,0)) -> 0 | K37: =研發設備使用記錄表!AK31 -> 0 | L37: =ROUNDDOWN(J37*K37,0) -> 0
B38: 小計 | J38: =SUM(J35:J37) -> 0 | K38: =SUM(K35:K37) -> 0 | L38: =SUM(L35:L37) -> 0
B39: 116年04月
J40: =IF(I40=0,0,ROUND(G40*H40/I40,0)) -> 0 | K40: =研發設備使用記錄表!AK33 -> 0 | L40: =ROUNDDOWN(J40*K40,0) -> 0
J41: =IF(I41=0,0,ROUND(G41*H41/I41,0)) -> 0 | K41: =研發設備使用記錄表!AK34 -> 0 | L41: =ROUNDDOWN(J41*K41,0) -> 0
J42: =IF(I42=0,0,ROUND(G42*H42/I42,0)) -> 0 | K42: =研發設備使用記錄表!AK35 -> 0 | L42: =ROUNDDOWN(J42*K42,0) -> 0
B43: 小計 | J43: =SUM(J40:J42) -> 0 | K43: =SUM(K40:K42) -> 0 | L43: =SUM(L40:L42) -> 0
B44: 116年05月
J45: =IF(I45=0,0,ROUND(G45*H45/I45,0)) -> 0 | K45: =研發設備使用記錄表!AK37 -> 0 | L45: =ROUNDDOWN(J45*K45,0) -> 0
J46: =IF(I46=0,0,ROUND(G46*H46/I46,0)) -> 0 | K46: =研發設備使用記錄表!AK38 -> 0 | L46: =ROUNDDOWN(J46*K46,0) -> 0
J47: =IF(I47=0,0,ROUND(G47*H47/I47,0)) -> 0 | K47: =研發設備使用記錄表!AK39 -> 0 | L47: =ROUNDDOWN(J47*K47,0) -> 0
B48: 小計 | J48: =SUM(J45:J47) -> 0 | K48: =SUM(K45:K47) -> 0 | L48: =SUM(L45:L47) -> 0
B49: 合 計(A) | J49: =J48+J43+J38+J33+J28+J23+J18+J13+J8 -> 0 | K49: =K48+K43+K38+K33+K28+K23+K18+K13+K8 -> 0 | L49: =L48+L43+L38+L33+L28+L23+L18+L13+L8 -> 0
J51: =IF(SUM(J5:J48)/2=J49,"","填寫有誤") | K51: =IF(SUM(K5:K48)/2=K49,"","填寫有誤") | L51: =IF(SUM(L5:L48)/2=L49,"","填寫有誤")
A52: 研發設備使用費(2)---計畫新增設備
B53: =計畫經費彙總表!A6 -> 公司名稱： | L53: 金額單位:元
B54: 財產編號 | C54: 設備名稱 | D54: 對照計畫書所列項目 | E54: 取得日期 | F54: 購入成本 (單套) | G54: 套數 B1 | H54: 投入時 單套帳面價值 （未折減餘額） B2 | I54: 耐用月數 B3 | J54: 每月攤提使用費 B4=B1×B2÷B3 | K54: 本期投入比率 B5 | L54: 本期使用費 B6=B4*B5
B55: 115年09月
B56: (1) | J56: =IF(I56=0,0,ROUND(G56*H56/I56,0)) -> 0 | K56: =研發設備使用記錄表!AK61 -> 0 | L56: =ROUNDDOWN(J56*K56,0) -> 0
B57: (2) | J57: =IF(I57=0,0,ROUND(G57*H57/I57,0)) -> 0 | K57: =研發設備使用記錄表!AK62 -> 0 | L57: =ROUNDDOWN(J57*K57,0) -> 0
B58: 小計 | J58: =SUM(J56:J57) -> 0 | K58: =SUM(K56:K57) -> 0 | L58: =SUM(L56:L57) -> 0
B59: 115年10月
B60: (1) | J60: =IF(I60=0,0,ROUND(G60*H60/I60,0)) -> 0 | K60: =研發設備使用記錄表!AK64 -> 0 | L60: =ROUNDDOWN(J60*K60,0) -> 0
B61: (2) | J61: =IF(I61=0,0,ROUND(G61*H61/I61,0)) -> 0 | K61: =研發設備使用記錄表!AK65 -> 0 | L61: =ROUNDDOWN(J61*K61,0) -> 0
B62: 小計 | J62: =SUM(J60:J61) -> 0 | K62: =SUM(K60:K61) -> 0 | L62: =SUM(L60:L61) -> 0
B63: 115年11月
B64: (1) | J64: =IF(I64=0,0,ROUND(G64*H64/I64,0)) -> 0 | K64: =研發設備使用記錄表!AK67 -> 0 | L64: =ROUNDDOWN(J64*K64,0) -> 0
B65: (2) | J65: =IF(I65=0,0,ROUND(G65*H65/I65,0)) -> 0 | K65: =研發設備使用記錄表!AK68 -> 0 | L65: =ROUNDDOWN(J65*K65,0) -> 0
B66: 小計 | J66: =SUM(J64:J65) -> 0 | K66: =SUM(K64:K65) -> 0 | L66: =SUM(L64:L65) -> 0
B67: 115年12月
B68: (1) | J68: =IF(I68=0,0,ROUND(G68*H68/I68,0)) -> 0 | K68: =研發設備使用記錄表!AK70 -> 0 | L68: =ROUNDDOWN(J68*K68,0) -> 0
B69: (2) | J69: =IF(I69=0,0,ROUND(G69*H69/I69,0)) -> 0 | K69: =研發設備使用記錄表!AK71 -> 0 | L69: =ROUNDDOWN(J69*K69,0) -> 0
B70: 小計 | J70: =SUM(J68:J69) -> 0 | K70: =SUM(K68:K69) -> 0 | L70: =SUM(L68:L69) -> 0
B71: 116年01月
B72: (1) | J72: =IF(I72=0,0,ROUND(G72*H72/I72,0)) -> 0 | K72: =研發設備使用記錄表!AK73 -> 0 | L72: =ROUNDDOWN(J72*K72,0) -> 0
B73: (2) | J73: =IF(I73=0,0,ROUND(G73*H73/I73,0)) -> 0 | K73: =研發設備使用記錄表!AK74 -> 0 | L73: =ROUNDDOWN(J73*K73,0) -> 0
B74: 小計 | J74: =SUM(J72:J73) -> 0 | K74: =SUM(K72:K73) -> 0 | L74: =SUM(L72:L73) -> 0
B75: 116年02月
B76: (1) | J76: =IF(I76=0,0,ROUND(G76*H76/I76,0)) -> 0 | K76: =研發設備使用記錄表!AK76 -> 0 | L76: =ROUNDDOWN(J76*K76,0) -> 0
B77: (2) | J77: =IF(I77=0,0,ROUND(G77*H77/I77,0)) -> 0 | K77: =研發設備使用記錄表!AK77 -> 0 | L77: =ROUNDDOWN(J77*K77,0) -> 0
B78: 小計 | J78: =SUM(J76:J77) -> 0 | K78: =SUM(K76:K77) -> 0 | L78: =SUM(L76:L77) -> 0
B79: 116年03月
B80: (1) | J80: =IF(I80=0,0,ROUND(G80*H80/I80,0)) -> 0 | K80: =研發設備使用記錄表!AK79 -> 0 | L80: =ROUNDDOWN(J80*K80,0) -> 0
B81: (2) | J81: =IF(I81=0,0,ROUND(G81*H81/I81,0)) -> 0 | K81: =研發設備使用記錄表!AK80 -> 0 | L81: =ROUNDDOWN(J81*K81,0) -> 0
B82: 小計 | J82: =SUM(J80:J81) -> 0 | K82: =SUM(K80:K81) -> 0 | L82: =SUM(L80:L81) -> 0
B83: 116年04月
B84: (1) | J84: =IF(I84=0,0,ROUND(G84*H84/I84,0)) -> 0 | K84: =研發設備使用記錄表!AK82 -> 0 | L84: =ROUNDDOWN(J84*K84,0) -> 0
B85: (2) | J85: =IF(I85=0,0,ROUND(G85*H85/I85,0)) -> 0 | K85: =研發設備使用記錄表!AK83 -> 0 | L85: =ROUNDDOWN(J85*K85,0) -> 0
B86: 小計 | J86: =SUM(J84:J85) -> 0 | K86: =SUM(K84:K85) -> 0 | L86: =SUM(L84:L85) -> 0
B87: 116年05月
B88: (1) | J88: =IF(I88=0,0,ROUND(G88*H88/I88,0)) -> 0 | K88: =研發設備使用記錄表!AK85 -> 0 | L88: =ROUNDDOWN(J88*K88,0) -> 0
B89: (2) | J89: =IF(I89=0,0,ROUND(G89*H89/I89,0)) -> 0 | K89: =研發設備使用記錄表!AK86 -> 0 | L89: =ROUNDDOWN(J89*K89,0) -> 0
B90: 小計 | J90: =SUM(J88:J89) -> 0 | K90: =SUM(K88:K89) -> 0 | L90: =SUM(L88:L89) -> 0
B91: 合 計(B) | J91: =J90+J86+J82+J78+J74+J70+J66+J62+J58 -> 0 | K91: =K90+K86+K82+K78+K74+K70+K66+K62+K58 -> 0 | L91: =L90+L86+L82+L78+L74+L70+L66+L62+L58 -> 0
B92: 總 計(A+B) | J92: =J91+J49 -> 0 | K92: =K91+K49 -> 0 | L92: =L91+L49 -> 0
B94: 備註： | J94: =IF(SUM(J56:J90)/2=J91,"","填寫有誤") | K94: =IF(SUM(K56:K90)/2=K91,"","填寫有誤") | L94: =IF(SUM(L56:L90)/2=L91,"","填寫有誤")
B95: 1、 | C95: 「已有設備」及「計畫新增設備」之名稱應與計畫書所列相符並依上表分開填列。
B96: 2、 | C96: 「本期投入比率」應與各該設備使用記錄表之投入比率一致。
B97: 3、 | C97: 【已有設備】每月攤提使用費 A3＝A1×A2÷剩餘月數(I欄)。
C98: 【計畫新增設備】每月攤提使用費 B4＝B1×B2÷耐用年數(I欄，請填月數，例：耐用年數4年填48)。
B99: 4、 | C99: 研發設備使用費及維護費二者合計總額最高不超過新臺幣10萬元整。
B100: 5、 | C100: 如已有設備之剩餘月數為零，或未折減餘額為零者，則該設備不得列報設備使用費。
B101: 6、 | C101: 已有設備計算之每月使用費不得超過該設備帳上提列之每月折舊金額。
B102: 7、 | C102: 帳務查核時應備妥下列文件：
...

Sheet 研發設備使用記錄表
B1: 研發設備使用記錄表-已有設備
B2: =計畫經費彙總表!A6 -> 公司名稱：
B3: 財產編號 | C3: 設備名稱 | D3: 1 | E3: 2 | F3: 3 | G3: 4 | H3: 5 | I3: 6 | J3: 7 | K3: 8 | L3: 9 | M3: 10 | N3: 11 | O3: 12 | P3: 13 | Q3: 14 | R3: 15 | S3: 16 | T3: 17 | U3: 18 | V3: 19 | W3: 20 | X3: 21 | Y3: 22 | Z3: 23 | AA3: 24 | AB3: 25 | AC3: 26 | AD3: 27 | AE3: 28 | AF3: 29 | AG3: 30 | AH3: 31 | AI3: 合計 | AJ3: 正常使用時數 | AK3: 投入 比率
B4: 115年09月
AI5: =SUM(D5:AH5) -> 0 | AK5: =IF(AND(AI5>0,AJ5>0),IF((AI5/AJ5)>1,1,(ROUNDDOWN(AI5/AJ5,2))),0) -> 0
AI6: =SUM(D6:AH6) -> 0 | AK6: =IF(AND(AI6>0,AJ6>0),IF((AI6/AJ6)>1,1,(ROUNDDOWN(AI6/AJ6,2))),0) -> 0
AI7: =SUM(D7:AH7) -> 0 | AK7: =IF(AND(AI7>0,AJ7>0),IF((AI7/AJ7)>1,1,(ROUNDDOWN(AI7/AJ7,2))),0) -> 0
B8: 115年10月
AI9: =SUM(D9:AH9) -> 0 | AK9: =IF(AND(AI9>0,AJ9>0),IF((AI9/AJ9)>1,1,(ROUNDDOWN(AI9/AJ9,2))),0) -> 0
AI10: =SUM(D10:AH10) -> 0 | AK10: =IF(AND(AI10>0,AJ10>0),IF((AI10/AJ10)>1,1,(ROUNDDOWN(AI10/AJ10,2))),0) -> 0
AI11: =SUM(D11:AH11) -> 0 | AK11: =IF(AND(AI11>0,AJ11>0),IF((AI11/AJ11)>1,1,(ROUNDDOWN(AI11/AJ11,2))),0) -> 0
B12: 115年11月
AI13: =SUM(D13:AH13) -> 0 | AK13: =IF(AND(AI13>0,AJ13>0),IF((AI13/AJ13)>1,1,(ROUNDDOWN(AI13/AJ13,2))),0) -> 0
AI14: =SUM(D14:AH14) -> 0 | AK14: =IF(AND(AI14>0,AJ14>0),IF((AI14/AJ14)>1,1,(ROUNDDOWN(AI14/AJ14,2))),0) -> 0
AI15: =SUM(D15:AH15) -> 0 | AK15: =IF(AND(AI15>0,AJ15>0),IF((AI15/AJ15)>1,1,(ROUNDDOWN(AI15/AJ15,2))),0) -> 0
B16: 115年12月
AI17: =SUM(D17:AH17) -> 0 | AK17: =IF(AND(AI17>0,AJ17>0),IF((AI17/AJ17)>1,1,(ROUNDDOWN(AI17/AJ17,2))),0) -> 0
AI18: =SUM(D18:AH18) -> 0 | AK18: =IF(AND(AI18>0,AJ18>0),IF((AI18/AJ18)>1,1,(ROUNDDOWN(AI18/AJ18,2))),0) -> 0
AI19: =SUM(D19:AH19) -> 0 | AK19: =IF(AND(AI19>0,AJ19>0),IF((AI19/AJ19)>1,1,(ROUNDDOWN(AI19/AJ19,2))),0) -> 0
B20: 116年01月
AI21: =SUM(D21:AH21) -> 0 | AK21: =IF(AND(AI21>0,AJ21>0),IF((AI21/AJ21)>1,1,(ROUNDDOWN(AI21/AJ21,2))),0) -> 0
AI22: =SUM(D22:AH22) -> 0 | AK22: =IF(AND(AI22>0,AJ22>0),IF((AI22/AJ22)>1,1,(ROUNDDOWN(AI22/AJ22,2))),0) -> 0
AI23: =SUM(D23:AH23) -> 0 | AK23: =IF(AND(AI23>0,AJ23>0),IF((AI23/AJ23)>1,1,(ROUNDDOWN(AI23/AJ23,2))),0) -> 0
B24: 116年02月
AI25: =SUM(D25:AH25) -> 0 | AK25: =IF(AND(AI25>0,AJ25>0),IF((AI25/AJ25)>1,1,(ROUNDDOWN(AI25/AJ25,2))),0) -> 0
AI26: =SUM(D26:AH26) -> 0 | AK26: =IF(AND(AI26>0,AJ26>0),IF((AI26/AJ26)>1,1,(ROUNDDOWN(AI26/AJ26,2))),0) -> 0
AI27: =SUM(D27:AH27) -> 0 | AK27: =IF(AND(AI27>0,AJ27>0),IF((AI27/AJ27)>1,1,(ROUNDDOWN(AI27/AJ27,2))),0) -> 0
B28: 116年03月
AI29: =SUM(D29:AH29) -> 0 | AK29: =IF(AND(AI29>0,AJ29>0),IF((AI29/AJ29)>1,1,(ROUNDDOWN(AI29/AJ29,2))),0) -> 0
AI30: =SUM(D30:AH30) -> 0 | AK30: =IF(AND(AI30>0,AJ30>0),IF((AI30/AJ30)>1,1,(ROUNDDOWN(AI30/AJ30,2))),0) -> 0
AI31: =SUM(D31:AH31) -> 0 | AK31: =IF(AND(AI31>0,AJ31>0),IF((AI31/AJ31)>1,1,(ROUNDDOWN(AI31/AJ31,2))),0) -> 0
B32: 116年04月
AI33: =SUM(D33:AH33) -> 0 | AK33: =IF(AND(AI33>0,AJ33>0),IF((AI33/AJ33)>1,1,(ROUNDDOWN(AI33/AJ33,2))),0) -> 0
AI34: =SUM(D34:AH34) -> 0 | AK34: =IF(AND(AI34>0,AJ34>0),IF((AI34/AJ34)>1,1,(ROUNDDOWN(AI34/AJ34,2))),0) -> 0
AI35: =SUM(D35:AH35) -> 0 | AK35: =IF(AND(AI35>0,AJ35>0),IF((AI35/AJ35)>1,1,(ROUNDDOWN(AI35/AJ35,2))),0) -> 0
B36: 116年05月
AI37: =SUM(D37:AH37) -> 0 | AK37: =IF(AND(AI37>0,AJ37>0),IF((AI37/AJ37)>1,1,(ROUNDDOWN(AI37/AJ37,2))),0) -> 0
AI38: =SUM(D38:AH38) -> 0 | AK38: =IF(AND(AI38>0,AJ38>0),IF((AI38/AJ38)>1,1,(ROUNDDOWN(AI38/AJ38,2))),0) -> 0
AI39: =SUM(D39:AH39) -> 0 | AK39: =IF(AND(AI39>0,AJ39>0),IF((AI39/AJ39)>1,1,(ROUNDDOWN(AI39/AJ39,2))),0) -> 0
B40: 合計 | D40: =SUM(D5:D39) -> 0 | E40: =SUM(E5:E39) -> 0 | F40: =SUM(F5:F39) -> 0 | G40: =SUM(G5:G39) -> 0 | H40: =SUM(H5:H39) -> 0 | I40: =SUM(I5:I39) -> 0 | J40: =SUM(J5:J39) -> 0 | K40: =SUM(K5:K39) -> 0 | ... AI40: =SUM(AI5:AI39) -> 0 | AK40: =SUM(AK5:AK39) -> 0
B42: 備註：
B43: 1、 | C43: 「正常使用時數」與人員上班時數相同；若設備為24小時開機者，則以24小時×當月日數計算。
B44: 2、 | C44: 投入比率 =【投入小時的合計】/【正常使用時數】(以1.00、0.80小數點兩位表示)
B45: 3、 | C45: 每月投入比率最高為1.00。
B46: 4、 | C46: 攤提設備名稱請參照計畫書所編列設備。
B57: 研發設備使用記錄表－計畫新增設備
B58: =計畫經費彙總表!A6 -> 公司名稱：
B59: 財產編號 | C59: 設備名稱 | D59: 1 | E59: 2 | F59: 3 | G59: 4 | H59: 5 | I59: 6 | J59: 7 | K59: 8 | L59: 9 | M59: 10 | N59: 11 | O59: 12 | P59: 13 | Q59: 14 | R59: 15 | S59: 16 | T59: 17 | U59: 18 | V59: 19 | W59: 20 | X59: 21 | Y59: 22 | Z59: 23 | AA59: 24 | AB59: 25 | AC59: 26 | AD59: 27 | AE59: 28 | AF59: 29 | AG59: 30 | AH59: 31 | AI59: 合計 | AJ59: 正常使用時數 | AK59: 投入 比率
B60: 115年09月
AI61: =SUM(D61:AH61) -> 0 | AK61: =IF(AND(AI61>0,AJ61>0),IF((AI61/AJ61)>1,1,(ROUNDDOWN(AI61/AJ61,2))),0) -> 0
AI62: =SUM(D62:AH62) -> 0 | AK62: =IF(AND(AI62>0,AJ62>0),IF((AI62/AJ62)>1,1,(ROUNDDOWN(AI62/AJ62,2))),0) -> 0
B63: 115年10月
AI64: =SUM(D64:AH64) -> 0 | AK64: =IF(AND(AI64>0,AJ64>0),IF((AI64/AJ64)>1,1,(ROUNDDOWN(AI64/AJ64,2))),0) -> 0
AI65: =SUM(D65:AH65) -> 0 | AK65: =IF(AND(AI65>0,AJ65>0),IF((AI65/AJ65)>1,1,(ROUNDDOWN(AI65/AJ65,2))),0) -> 0
B66: 115年11月
AI67: =SUM(D67:AH67) -> 0 | AK67: =IF(AND(AI67>0,AJ67>0),IF((AI67/AJ67)>1,1,(ROUNDDOWN(AI67/AJ67,2))),0) -> 0
AI68: =SUM(D68:AH68) -> 0 | AK68: =IF(AND(AI68>0,AJ68>0),IF((AI68/AJ68)>1,1,(ROUNDDOWN(AI68/AJ68,2))),0) -> 0
B69: 115年12月
AI70: =SUM(D70:AH70) -> 0 | AK70: =IF(AND(AI70>0,AJ70>0),IF((AI70/AJ70)>1,1,(ROUNDDOWN(AI70/AJ70,2))),0) -> 0
AI71: =SUM(D71:AH71) -> 0 | AK71: =IF(AND(AI71>0,AJ71>0),IF((AI71/AJ71)>1,1,(ROUNDDOWN(AI71/AJ71,2))),0) -> 0
B72: 116年01月
AI73: =SUM(D73:AH73) -> 0 | AK73: =IF(AND(AI73>0,AJ73>0),IF((AI73/AJ73)>1,1,(ROUNDDOWN(AI73/AJ73,2))),0) -> 0
AI74: =SUM(D74:AH74) -> 0 | AK74: =IF(AND(AI74>0,AJ74>0),IF((AI74/AJ74)>1,1,(ROUNDDOWN(AI74/AJ74,2))),0) -> 0
B75: 116年02月
AI76: =SUM(D76:AH76) -> 0 | AK76: =IF(AND(AI76>0,AJ76>0),IF((AI76/AJ76)>1,1,(ROUNDDOWN(AI76/AJ76,2))),0) -> 0
AI77: =SUM(D77:AH77) -> 0 | AK77: =IF(AND(AI77>0,AJ77>0),IF((AI77/AJ77)>1,1,(ROUNDDOWN(AI77/AJ77,2))),0) -> 0
B78: 116年03月
AI79: =SUM(D79:AH79) -> 0 | AK79: =IF(AND(AI79>0,AJ79>0),IF((AI79/AJ79)>1,1,(ROUNDDOWN(AI79/AJ79,2))),0) -> 0
AI80: =SUM(D80:AH80) -> 0 | AK80: =IF(AND(AI80>0,AJ80>0),IF((AI80/AJ80)>1,1,(ROUNDDOWN(AI80/AJ80,2))),0) -> 0
B81: 116年04月
AI82: =SUM(D82:AH82) -> 0 | AK82: =IF(AND(AI82>0,AJ82>0),IF((AI82/AJ82)>1,1,(ROUNDDOWN(AI82/AJ82,2))),0) -> 0
AI83: =SUM(D83:AH83) -> 0 | AK83: =IF(AND(AI83>0,AJ83>0),IF((AI83/AJ83)>1,1,(ROUNDDOWN(AI83/AJ83,2))),0) -> 0
B84: 116年05月
AI85: =SUM(D85:AH85) -> 0 | AK85: =IF(AND(AI85>0,AJ85>0),IF((AI85/AJ85)>1,1,(ROUNDDOWN(AI85/AJ85,2))),0) -> 0
AI86: =SUM(D86:AH86) -> 0 | AK86: =IF(AND(AI86>0,AJ86>0),IF((AI86/AJ86)>1,1,(ROUNDDOWN(AI86/AJ86,2))),0) -> 0
B87: 合計 | D87: =SUM(D61:D86) -> 0 | E87: =SUM(E61:E86) -> 0 | F87: =SUM(F61:F86) -> 0 | G87: =SUM(G61:G86) -> 0 | H87: =SUM(H61:H86) -> 0 | I87: =SUM(I61:I86) -> 0 | J87: =SUM(J61:J86) -> 0 | K87: =SUM(K61:K86) -> 0 | ... AI87: =SUM(AI61:AI86) -> 0 | AK87: =SUM(AK61:AK86) -> 0
B89: 備註：
B90: 1、 | C90: 「正常使用時數」與人員上班時數相同；若設備為24小時開機者，則以24小時×當月日數計算。
B91: 2、 | C91: 投入比率 =【投入小時的合計】/【正常使用時數】(以1.00、0.80小數點兩位表示)
B92: 3、 | C92: 每月投入比率最高為1.00。
B93: 4、 | C93: 攤提設備名稱請參照計畫書所編列設備。

Sheet 研發設備維護費
B1: 研發設備維護費
B2: =計畫經費彙總表!A6 -> 公司名稱： | L2: 金額單位:元
B3: 財產編號 | C3: 設備名稱 | D3: 對照計畫書所列項目 | E3: 購入成本 (D) | F3: 傳票日期 | G3: 傳票號碼 | H3: 發票日期 | I3: 品名 | J3: 數量(A) | K3: 單價(B) (不含稅) | L3: 本期維護費 (A×B) | M3: 付款方式
B4: 115年09月
L5: =ROUNDDOWN(J5*K5,0) -> 0
L6: =ROUNDDOWN(J6*K6,0) -> 0
B7: 小計 | L7: =SUM(L5:L6) -> 0
B8: 115年10月
L9: =ROUNDDOWN(J9*K9,0) -> 0
L10: =ROUNDDOWN(J10*K10,0) -> 0
B11: 小計 | L11: =SUM(L9:L10) -> 0
B12: 115年11月
L13: =ROUNDDOWN(J13*K13,0) -> 0
L14: =ROUNDDOWN(J14*K14,0) -> 0
B15: 小計 | L15: =SUM(L13:L14) -> 0
B16: 115年12月
L17: =ROUNDDOWN(J17*K17,0) -> 0
L18: =ROUNDDOWN(J18*K18,0) -> 0
B19: 小計 | L19: =SUM(L17:L18) -> 0
B20: 116年01月
L21: =ROUNDDOWN(J21*K21,0) -> 0
L22: =ROUNDDOWN(J22*K22,0) -> 0
B23: 小計 | L23: =SUM(L21:L22) -> 0
B24: 116年02月
L25: =ROUNDDOWN(J25*K25,0) -> 0
L26: =ROUNDDOWN(J26*K26,0) -> 0
B27: 小計 | L27: =SUM(L25:L26) -> 0
B28: 116年03月
L29: =ROUNDDOWN(J29*K29,0) -> 0
L30: =ROUNDDOWN(J30*K30,0) -> 0
B31: 小計 | L31: =SUM(L29:L30) -> 0
B32: 116年04月
L33: =ROUNDDOWN(J33*K33,0) -> 0
L34: =ROUNDDOWN(J34*K34,0) -> 0
B35: 小計 | L35: =SUM(L33:L34) -> 0
B36: 116年05月
L37: =ROUNDDOWN(J37*K37,0) -> 0
L38: =ROUNDDOWN(J38*K38,0) -> 0
B39: 小計 | L39: =SUM(L37:L38) -> 0
B40: 合 計(A) | L40: =L39+L35+L31+L27+L23+L19+L15+L11+L7 -> 0
B42: 備註：
B43: 1、 | C43: 所列報之維護設備及經費，應與計畫書所列相符，並應出具維修廠商憑證，且所列維護費之金額應與原始憑證、費用分攤表相符，如有變更，應於期中/結案報告中提報核定。 | L43: =IF(SUM(L5:L39)/2=L40,"","填寫有誤")
B44: 2、 | C44: 營業稅不得報支。新增設備保固期間內不得列報維護費。
B45: 3、 | C45: 「本期維護費」＝「數量/單位(A)」×「單價(B)」；B欄請填單價，勿填發票總額。
B46: 4、 | C46: 單一設備於計畫全程可認列之維護費上限＝購入成本×5%；本項為「計畫全程」之上限，非按年計算，同一設備各月累計超過上限之部分不予認列。上限比率詳下方參數格(C56)，如
C47: 有調整僅需修改該格。
B48: 5、 | C48: 研發設備使用費及維護費二者合計總額最高不超過新臺幣10萬元整。
B49: 6、 | C49: 「付款方式」欄位請填寫支票號碼﹐若以匯款或現金方式支付請註明「yyy.mm.dd匯款」、「yyy.mm.dd付現」，應於計畫執行結束後一個月內完成支付(支票兌現)。
B50: 7、 | C50: 帳務查核時應備妥下列文件：
C51: ①統一發票或收據、維護合約、進口報單、國外INVOICE與結匯單據、請購單、採購單、驗收單。
C52: ②設備維修記錄表。
C53: ③若為分攤，應附分攤表及原始憑證影本。
C54: ④涉及外幣支付時應附當時之外幣匯率表。
C55: ⑤財產目錄(需載明設備名稱及財產編號)。

Sheet 技術引進及委託研究費
B1: 技術引進及委託研究費
B2: =計畫經費彙總表!A6 -> 公司名稱：
B3: 1.技轉(委託)項目名稱 : | F3: 2.技轉(委託)對象：
B4: 3.合約期間: 年月日~年月日 | F4: 4.合約總額：
B5: 5.付款方式： | I5: 金額單位:元
B6: 付款期數 | C6: 傳票日期 | D6: 傳票號碼 | E6: 發票日期 | F6: 發票編號 | G6: 對照計畫書項目名稱 | H6: 金額 | I6: 付款方式 | J6: 支付日期
B7: 第 1 期
B8: 第 2 期
B9: 第 3 期
B10: 合 計 | H10: =SUM(H7:H9) -> 0
B12: 1.技轉(委託)項目名稱 : | F12: 2.技轉(委託)對象：
B13: 3.合約期間: 年月日~年月日 | F13: 4.合約總額：
B14: 5.付款方式： | I14: 金額單位:元
B15: 付款期數 | C15: 傳票日期 | D15: 傳票號碼 | E15: 發票日期 | F15: 發票編號 | G15: 對照計畫書項目名稱 | H15: 金額 | I15: 付款方式 | J15: 支付日期
B16: 第 1 期
B17: 第 2 期
B18: 第 3 期
B19: 合 計 | H19: =SUM(H16:H18) -> 0
B21: 1.技轉(委託)項目名稱 : | F21: 2.技轉(委託)對象：
B22: 3.合約期間: 年月日~年月日 | F22: 4.合約總額：
B23: 5.付款方式： | I23: 金額單位:元
B24: 付款期數 | C24: 傳票日期 | D24: 傳票號碼 | E24: 發票日期 | F24: 發票編號 | G24: 對照計畫書項目名稱 | H24: 金額 | I24: 付款方式 | J24: 支付日期
B25: 第 1 期
B26: 第 2 期
B27: 第 3 期
B28: 合 計 | H28: =SUM(H25:H27) -> 0
B29: 總 計 | H29: =H28+H19+H10 -> 0
B31: 備註：
B32: 1、 | C32: 請依技術引進及委託研究項目分開填寫(每一項目填寫一份)。
B33: 2、 | C33: 所列項目（如：技術、專利權、委託研究、租賃設備等）及金額應與計畫書所列相符，如需變更應來函核定。
B34: 3、 | C34: 委外測試之委託對象應與計畫書所列相符，金額應與原始憑證（如：統一發票或收據）相符。
B35: 4、 | C35: 委託對象、項目及金額應與計畫書一致，不同對象及項目金額不能流用。
B36: 5、 | C36: 「付款憑證」欄位請填寫支票號碼﹐若以匯款方式支付請註明「x月x日匯款」，應於116年6月30日前完成支付(支票兌現)。
B37: 6、 | C37: 營業稅不得報支。
B38: 7、 | C38: 帳務查核時應備妥下列文件：
C39: ①技術引進及委託研究契約書。
C40: ②統一發票（或收據）、或國外之INVOICE(或RECEIPT)及匯兌水單
C41: ③付款支票及銀行對帳單或其他支付證明
C42: ④涉及外幣支付時應附實際付款當時之外幣匯率表
C43: ⑤入帳傳票。
C44: ⑥若受委任者為執行業務者，應提供計畫人員115年度扣繳憑單，或116年度所得扣繳申報切結聲明書。
B46: 各月支用金額彙總
B47: 月份 | C47: 金額
B48: 115年09月 | C48: {=SUMPRODUCT((YEAR(IFERROR($J$7:$J$9+0,0))=LEFT($B48,3)+1911)*(MONTH(IFERROR($J$7:$J$9+0,0))=MID($B48,5,2)+0)*$H$7:$H$9)+SUMPRODUCT((YEAR(IFERROR($J$16:$J$18+0,0))=LEFT($B48,3)+1911)*(MONTH(IFERROR($J$16:$J$18+0,0))=MID($B48,5,2)+0)*$H$16:$H$18)+SUMPRODUCT((YEAR(IFERROR($J$25:$J$27+0,0))=LEFT($B48,3)+1911)*(MONTH(IFERROR($J$25:$J$27+0,0))=MID($B48,5,2)+0)*$H$25:$H$27)} -> 0
B49: 115年10月 | C49: {=SUMPRODUCT((YEAR(IFERROR($J$7:$J$9+0,0))=LEFT($B49,3)+1911)*(MONTH(IFERROR($J$7:$J$9+0,0))=MID($B49,5,2)+0)*$H$7:$H$9)+SUMPRODUCT((YEAR(IFERROR($J$16:$J$18+0,0))=LEFT($B49,3)+1911)*(MONTH(IFERROR($J$16:$J$18+0,0))=MID($B49,5,2)+0)*$H$16:$H$18)+SUMPRODUCT((YEAR(IFERROR($J$25:$J$27+0,0))=LEFT($B49,3)+1911)*(MONTH(IFERROR($J$25:$J$27+0,0))=MID($B49,5,2)+0)*$H$25:$H$27)} -> 0
B50: 115年11月 | C50: {=SUMPRODUCT((YEAR(IFERROR($J$7:$J$9+0,0))=LEFT($B50,3)+1911)*(MONTH(IFERROR($J$7:$J$9+0,0))=MID($B50,5,2)+0)*$H$7:$H$9)+SUMPRODUCT((YEAR(IFERROR($J$16:$J$18+0,0))=LEFT($B50,3)+1911)*(MONTH(IFERROR($J$16:$J$18+0,0))=MID($B50,5,2)+0)*$H$16:$H$18)+SUMPRODUCT((YEAR(IFERROR($J$25:$J$27+0,0))=LEFT($B50,3)+1911)*(MONTH(IFERROR($J$25:$J$27+0,0))=MID($B50,5,2)+0)*$H$25:$H$27)} -> 0
B51: 115年12月 | C51: {=SUMPRODUCT((YEAR(IFERROR($J$7:$J$9+0,0))=LEFT($B51,3)+1911)*(MONTH(IFERROR($J$7:$J$9+0,0))=MID($B51,5,2)+0)*$H$7:$H$9)+SUMPRODUCT((YEAR(IFERROR($J$16:$J$18+0,0))=LEFT($B51,3)+1911)*(MONTH(IFERROR($J$16:$J$18+0,0))=MID($B51,5,2)+0)*$H$16:$H$18)+SUMPRODUCT((YEAR(IFERROR($J$25:$J$27+0,0))=LEFT($B51,3)+1911)*(MONTH(IFERROR($J$25:$J$27+0,0))=MID($B51,5,2)+0)*$H$25:$H$27)} -> 0
B52: 116年01月 | C52: {=SUMPRODUCT((YEAR(IFERROR($J$7:$J$9+0,0))=LEFT($B52,3)+1911)*(MONTH(IFERROR($J$7:$J$9+0,0))=MID($B52,5,2)+0)*$H$7:$H$9)+SUMPRODUCT((YEAR(IFERROR($J$16:$J$18+0,0))=LEFT($B52,3)+1911)*(MONTH(IFERROR($J$16:$J$18+0,0))=MID($B52,5,2)+0)*$H$16:$H$18)+SUMPRODUCT((YEAR(IFERROR($J$25:$J$27+0,0))=LEFT($B52,3)+1911)*(MONTH(IFERROR($J$25:$J$27+0,0))=MID($B52,5,2)+0)*$H$25:$H$27)} -> 0
B53: 116年02月 | C53: {=SUMPRODUCT((YEAR(IFERROR($J$7:$J$9+0,0))=LEFT($B53,3)+1911)*(MONTH(IFERROR($J$7:$J$9+0,0))=MID($B53,5,2)+0)*$H$7:$H$9)+SUMPRODUCT((YEAR(IFERROR($J$16:$J$18+0,0))=LEFT($B53,3)+1911)*(MONTH(IFERROR($J$16:$J$18+0,0))=MID($B53,5,2)+0)*$H$16:$H$18)+SUMPRODUCT((YEAR(IFERROR($J$25:$J$27+0,0))=LEFT($B53,3)+1911)*(MONTH(IFERROR($J$25:$J$27+0,0))=MID($B53,5,2)+0)*$H$25:$H$27)} -> 0
B54: 116年03月 | C54: {=SUMPRODUCT((YEAR(IFERROR($J$7:$J$9+0,0))=LEFT($B54,3)+1911)*(MONTH(IFERROR($J$7:$J$9+0,0))=MID($B54,5,2)+0)*$H$7:$H$9)+SUMPRODUCT((YEAR(IFERROR($J$16:$J$18+0,0))=LEFT($B54,3)+1911)*(MONTH(IFERROR($J$16:$J$18+0,0))=MID($B54,5,2)+0)*$H$16:$H$18)+SUMPRODUCT((YEAR(IFERROR($J$25:$J$27+0,0))=LEFT($B54,3)+1911)*(MONTH(IFERROR($J$25:$J$27+0,0))=MID($B54,5,2)+0)*$H$25:$H$27)} -> 0
B55: 116年04月 | C55: {=SUMPRODUCT((YEAR(IFERROR($J$7:$J$9+0,0))=LEFT($B55,3)+1911)*(MONTH(IFERROR($J$7:$J$9+0,0))=MID($B55,5,2)+0)*$H$7:$H$9)+SUMPRODUCT((YEAR(IFERROR($J$16:$J$18+0,0))=LEFT($B55,3)+1911)*(MONTH(IFERROR($J$16:$J$18+0,0))=MID($B55,5,2)+0)*$H$16:$H$18)+SUMPRODUCT((YEAR(IFERROR($J$25:$J$27+0,0))=LEFT($B55,3)+1911)*(MONTH(IFERROR($J$25:$J$27+0,0))=MID($B55,5,2)+0)*$H$25:$H$27)} -> 0
B56: 116年05月 | C56: {=SUMPRODUCT((YEAR(IFERROR($J$7:$J$9+0,0))=LEFT($B56,3)+1911)*(MONTH(IFERROR($J$7:$J$9+0,0))=MID($B56,5,2)+0)*$H$7:$H$9)+SUMPRODUCT((YEAR(IFERROR($J$16:$J$18+0,0))=LEFT($B56,3)+1911)*(MONTH(IFERROR($J$16:$J$18+0,0))=MID($B56,5,2)+0)*$H$16:$H$18)+SUMPRODUCT((YEAR(IFERROR($J$25:$J$27+0,0))=LEFT($B56,3)+1911)*(MONTH(IFERROR($J$25:$J$27+0,0))=MID($B56,5,2)+0)*$H$25:$H$27)} -> 0
B57: 合 計 | C57: =SUM(C48:C56) -> 0
B58: 檢核 | C58: =IF(C57=H29,"","與總計不符：請確認各筆支用月份均已填列")
B60: ※本表供「計畫經費彙總表」連結；請於上方各筆付款資料之「支付日期」欄填列西元年月日，本表即依支付日期之年月自動彙總。

Sheet 專利申請費
A1: 專利申請費
A2: =計畫經費彙總表!A6 -> 公司名稱： | K2: 金額單位:元
A3: 支付日期 | B3: 傳票號碼 | C3: 申請國別 | D3: 專利項目名稱 | E3: 對照計畫書所列項目 | F3: 發票/收據日期 | G3: 發票/收據號碼 | H3: 對象 | I3: 費用類別 | J3: 金額 (不含稅) | K3: 付款方式
A4: 115年09月
A10: 小計 | J10: =SUM(J5:J9) -> 0
A11: 115年10月
A17: 小計 | J17: =SUM(J12:J16) -> 0
A18: 115年11月
A24: 小計 | J24: =SUM(J19:J23) -> 0
A25: 115年12月
A31: 小計 | J31: =SUM(J26:J30) -> 0
A32: 116年01月
A38: 小計 | J38: =SUM(J33:J37) -> 0
A39: 116年02月
A45: 小計 | J45: =SUM(J40:J44) -> 0
A46: 116年03月
A52: 小計 | J52: =SUM(J47:J51) -> 0
A53: 116年04月
A59: 小計 | J59: =SUM(J54:J58) -> 0
A60: 116年05月
A66: 小計 | J66: =SUM(J61:J65) -> 0
A67: 合 計 | J67: =J66+J59+J52+J45+J38+J31+J24+J17+J10 -> 0
A70: 備註
A71: 1、 | B71: 「申請國別」、「專利項目名稱」需與計畫書所列之專利申請計畫一致；「對象」請填專利事務所名稱或經濟部智慧財產局；「費用類別」請填官方規費或代理人服務費。
A72: 2、 | B72: 本科目補助範圍以專利申請至獲准階段之必要費用為限（官方申請規費、實體審查規費、國內外代理人費用等）。
A73: 3、 | B73: 維持年費、補呈文件、申復、面詢、請求再審查或繼續審查、申領證書費用、申請前之檢索諮詢評估費用、代理人核駁報導分析及決定放棄答辯之結案費用等，均不予補助。
A74: 4、 | B74: 國內每案補助上限新臺幣3萬元、國外每案補助上限新臺幣10萬元（同一專利名稱視為1案）。
A75: 5、 | B75: 營業稅不得報支。
A76: 6、 | B76: 「付款方式」欄位請填寫支票號碼﹐若以匯款或現金方式支付請註明「yyy.mm.dd匯款」、「yyy.mm.dd付現」，應於計畫執行結束後一個月內完成支付(支票兌現)。
A77: 7、 | B77: 帳務查核時應備妥下列文件：
B78: ①專利申請文件（專利申請書及說明書、國內外官方受理申請文件及專利案件相關佐證資料）。
B79: ②國內申請：經濟部智慧財產局自行收納款項收據。
B80: ③專利事務所之請款單、收據或代收轉代付收據。
B81: ④國外申請：國外代理人或國外官方受理之DEBIT NOTE、INVOICE、RECEIPT。
B82: ⑤涉及外幣支付時應附付款當時之外幣匯率表。
B83: ⑥入帳傳票及付款憑證。
